Workbook
Name \0: #REF!
Name \00: #REF!
Name \a: #REF!
Name \AA: [1]LIQUIDACION!#REF!
Name \b: [2]STRSUMM0!#REF!
Name \bb: [2]STRSUMM0!#REF!
Name \c: #REF!
Name \E: #REF!
Name \EE: #REF!
Name \G: #REF!
Name \k: '[3]7422CW00'!#REF!
Name \l: [4]STRSUMM0!#REF!
Name \M: #REF!
Name \ñ: '[5]7422CW00'!#REF!
Name \P: #REF!
Name \q: #REF!
Name \R: #REF!
Name \s: #REF!
Name \V: #REF!
Name \w: #N/A
Name \X: [0]!ERR
Name \Z: [0]!ERR
Name _______________AFC1: [6]INV!$A$25:$D$28
Name _______________AFC3: [6]INV!$F$25:$I$28
Name _______________AFC5: [6]INV!$K$25:$N$28
Name _______________BGC1: [6]INV!$A$5:$D$8
Name _______________BGC3: [6]INV!$F$5:$I$8
Name _______________BGC5: [6]INV!$K$5:$N$8
Name _______________CAC1: [6]INV!$A$19:$D$22
Name _______________CAC3: [6]INV!$F$19:$I$22
Name _______________CAC5: [6]INV!$K$19:$N$22
Name _______________oa55: #REF!
Name _______________SBC1: [6]INV!$A$12:$D$15
Name _______________SBC3: [6]INV!$F$12:$I$15
Name _______________SBC5: [6]INV!$K$12:$N$15
Name ______________AFC1: [6]INV!$A$25:$D$28
Name ______________AFC3: [6]INV!$F$25:$I$28
Name ______________AFC5: [6]INV!$K$25:$N$28
Name ______________BGC1: [6]INV!$A$5:$D$8
Name ______________BGC3: [6]INV!$F$5:$I$8
Name ______________BGC5: [6]INV!$K$5:$N$8
Name ______________CAC1: [6]INV!$A$19:$D$22
Name ______________CAC3: [6]INV!$F$19:$I$22
Name ______________CAC5: [6]INV!$K$19:$N$22
Name ______________oa55: #REF!
Name ______________SBC1: [6]INV!$A$12:$D$15
Name ______________SBC3: [6]INV!$F$12:$I$15
Name ______________SBC5: [6]INV!$K$12:$N$15
Name _____________AFC1: [6]INV!$A$25:$D$28
Name _____________AFC3: [6]INV!$F$25:$I$28
Name _____________AFC5: [6]INV!$K$25:$N$28
Name _____________BGC1: [6]INV!$A$5:$D$8
Name _____________BGC3: [6]INV!$F$5:$I$8
Name _____________BGC5: [6]INV!$K$5:$N$8
Name _____________CAC1: [6]INV!$A$19:$D$22
Name _____________CAC3: [6]INV!$F$19:$I$22
Name _____________CAC5: [6]INV!$K$19:$N$22
Name _____________oa55: #REF!
Name _____________SBC1: [6]INV!$A$12:$D$15
Name _____________SBC3: [6]INV!$F$12:$I$15

Sheet MATRIZ DE INFORMACION
A1: PREGUNTA | C1: RESPUESTA
A2: 1 | B2: NUMERO CONVENIO | C2: 1930 DE 2021
A3: 2 | B3: OBJETO | C3: AUNAR ESFUERZOS PARA EL MEJORAMIENTO Y MANTENIMIENTO DE VIAS RURALES EN EL MUNICIPIO DE RÁQUIRA DEPARTAMENTO DE BOYACA DEL PROGRAMA COLOMBIA RURAL - NACIONAL
A4: 3 | B4: MUNICIPIO | C4: RÁQUIRA
A5: 4 | B5: DEPARTAMENTO | C5: BOYACÁ
A6: 5 | B6: NOMBRE CORREDOR | C6: RÁQUIRA - LA COMUNIDAD - MIRQUE - FIRITA PEÑA ABAJO SECTOR CONFIRTES - FARFÁN - MUNICIPIO DE GUACHETA, CUNDINAMARCA.
A7: 6 | B7: LONGITUD DEL CORREDOR | C7: 18
A8: 7 | B8: VEREDAS QUE CONECTA EL CORREDOR | C8: CASCO URBANO - RESGUARDO OCCIDENTE SECTOR LA COMUNIDAD - MIRQUE - FIRITA PEÑA ABAJO SECTOR CONFIRTES - FARFÁN - MUNICIPIO DE GUACHETA, CUNDINAMARCA.
A9: 8 | B9: MUNICIPIOS QUE LOGRAN CONECTIVIDAD CON EL MEJORAMIENTO DEL CORREDOR | C9: RÁQUIRA
A10: 9 | B10: REFERENCIA LUGAR DE INICIO | C10: SECTOR LA COMUNIDAD (VEREDA RESGUARDO OCCIDENTE)
A11: 10 | B11: REFERENCIA LUGAR DE TERMINACION | C11: SECTOR LA COMUNIDAD (VEREDA RESGUARDO OCCIDENTE)
A12: 11 | B12: TIPO DE SUPERFICIE | C12: AFIRMADO
A13: 12 | B13: ANCHO PROMEDIO DE VIA | C13: 5
A14: 13 | B14: DESCRIPCION LUGARES CRITICOS | C14: NO APLICA
A15: 14 | B15: PENDIENTE MÁXIMA REGISTRADA | C15: 0.1
A16: 15 | B16: PRINCIPALES PRODUCTOS DE AGRICULTURA | C16: Maíz, arveja, tomate.
A17: 16 | B17: PUNTOS IMPORTANTES LOCALIZADOS EN EL CORREDOR | C17: CASCO URBANO
A18: 17 | B18: NUMERO DE ALCANTARILLAS A CONSTRUIR | C18: 0
A19: 18 | B19: NUMERO DE TRAMOS DE PLACA HUELLA A CONSTRUIR | C19: CERO (0)
A20: 19 | B20: LONGITUD EN METROS LINEALES DE PLACA HUELLA | C20: CERO (0)
A21: 20 | B21: NUMERO DE PONTONES A CONSTRUIR | C21: CERO (0)
A22: 21 | B22: LONGITUD PONTONES | C22: CERO (0)
A23: 22 | B23: NUMERO DE FILTROS A CONSTRUIR | C23: CERO (0)
A24: 23 | B24: LONGITUD FILTROS | C24: CERO (0)
A25: 24 | B25: NUMERO DE BOX CULVERT A CONSTRUIR | C25: CERO (0)
A26: 25 | B26: DIMENSIONES BOX CULTERT | C26: CERO (0)
A27: 26 | B27: CANTIDAD EN METROS CUADRADOS DE CONFORMACION DE CALZADA | C27: CERO (0)
A28: 27 | B28: CANTIDAD EN METROS CÚBICOS DE AFIRMADO | C28: CERO (0)
A29: 28 | B29: HECTAREAS A REALIZAR POR ROCERÍA | C29: CERO (0)
A30: 29 | B30: CANTIDAD DE ALCANTARILLAS A LAS CUALES SE LES REALIZARÁ LIMPIEZA | C30: CERO (0)
A31: 30 | B31: CANTIDAD EN METROS LINEALES DE CUNETAS A RECONFORMAR | C31: CERO (0)
A32: 31 | B32: DISTANCIA HASTA LA CANTERA MÁS CERCANA | C32: 38
A33: 32 | B33: LONGITUD EN METROS PAVIMENTO FLEXIBLE | C33: 468
A34: 33 | B34: REGISTRO CORREDOR GOOGLE MAPS

Sheet PRESUPUESTO OFICIAL
A4: CONVENIO No. | C4: 1444-2022 | E4: AUNAR ESFUERZOS PARA EL MEJORAMIENTO Y MANTENIMIENTO DE VÍAS RURALES EN EL MUNICIPIO DE SOGAMOSO DEPARTAMENTO DE BOYACA - PROGRAMA COLOMBIA RURAL NACIONAL.
A5: DEPARTAMENTO | C5: MUNICIPIO | E5: CORREDOR | G5: Long (km) | H5: Punto Inicio | J5: Punto Final
A6: ='MATRIZ DE INFORMACION'!C5 -> BOYACÁ | C6: SOGAMOSO | E6: SOGAMOSO – VANEGAS – APOSENTOS | G6: 7 | H6: VANEGAS IGLESIA | J6: APOSENTOS
A7: Meta física programada: | E7: Construcción de 350 ml de pavimento flexible
A13: Nº | B13: ITEM DE PAGO | C13: ESPECIFICACIONES | E13: DESCRIPCION | G13: UND. | H13: CANTIDAD | I13: VALOR UNITARIO | J13: VALOR TOTAL
C14: GENERAL | D14: PARTICULAR
A15: SECCIÓN 1 - ACTIVIDADES DE MEJORAMIENTO
A16: CONSTRUCCION APROXIMADA 350 ML PAVIMENTO FLEXIBLE
A17: 1 | B17: 600.1.1 | C17: =IF(B17="600.1.1","600-13","-") -> 600-13 | E17: Excavaciones Varias sin Clasificar | G17: m3 | H17: =IF('MATRIZ DE INFORMACION'!C33="NO APLICA",0,ROUND('MATRIZ DE INFORMACION'!C33*'MATRIZ DE INFORMACION'!C13*0.43,2)) -> 1006.2 | I17: 22908 | J17: =+H17*I17 -> 23050030
A18: 2 | B18: 330.3 | C18: 330-13 | E18: Base Granular Clase C Gradacion Gruesa | G18: m3 | H18: =IF('MATRIZ DE INFORMACION'!C33="NO APLICA",0,ROUND(0.15*'MATRIZ DE INFORMACION'!C33*'MATRIZ DE INFORMACION'!C13,2)) -> 351 | I18: 142602 | J18: =+H18*I18 -> 50053302
A19: 3 | B19: 320.3 | C19: =IF(B19="320.3","320-13","-") -> 320-13 | E19: Subbase Granular Clase C | G19: m3 | H19: =IF('MATRIZ DE INFORMACION'!C33="NO APLICA",0,ROUND(0.2*'MATRIZ DE INFORMACION'!C33*'MATRIZ DE INFORMACION'!C13,2)) -> 468 | I19: 128496 | J19: =+H19*I19 -> 60136128
A20: 4 | B20: 450.2 | C20: 450-13 | E20: Mezcla densa en caliente tipo MDC-19-Compra de mezcla | G20: m3 | H20: =IF('MATRIZ DE INFORMACION'!C33="NO APLICA",0,ROUND(0.08*'MATRIZ DE INFORMACION'!C33*'MATRIZ DE INFORMACION'!C13,2)) -> 187.2 | I20: 916901 | J20: =+H20*I20 -> 1.7164387e+08
A21: 5 | B21: 640.1 | C21: 640-13 | E21: Acero de Refuerzo Fy 4200 Mpa | G21: Kg | H21: =IF('MATRIZ DE INFORMACION'!C33="NO APLICA",0,ROUND(10.9*2*'MATRIZ DE INFORMACION'!C33,2)) -> 10202.4 | I21: 7505 | J21: =+H21*I21 -> 76569012
A22: 6 | B22: 630.4 | C22: =IF(B22="630.4","630-13","-") -> 630-13 | E22: Concreto Resistencia 21 MPa (D) | G22: m3 | H22: =IF('MATRIZ DE INFORMACION'!C33="NO APLICA",0,ROUND(0.115*2*'MATRIZ DE INFORMACION'!C33,2)) -> 107.64 | I22: 886834 | J22: =+H22*I22 -> 95458812
A23: Subtotal | J23: =SUM(J17:K22) -> 4.7691115e+08
A24: SECCIÓN 2 - PROTOCOLO BIOSEGURIDAD
A25: 7 | B25: 102.1P
A26: Subtotal
A27: SECCIÓN 3 - ACTIVIDADES DE CONSULTORIA
A28: 8 | B28: 1P | E28: CARACTERIZACIÓN DEL CORREDOR VIAL POSTULADO | G28: Km | H28: 13.1 | I28: 641059 | J28: =ROUND(I28*H28,0) -> 8397873
A29: 9 | B29: 2P | E29: Revisión y/o ajuste de Estudios y Diseños Base | G29: GL | H29: 1 | I29: 7470804 | J29: =+I29*H29 -> 7470804
A30: SUBTOTAL | J30: =+J29+J28 -> 15868677
A31: SUBTOTAL OBRAS | J31: =ROUND(J23+J26,0) -> 476911151
E33: SUB-TOTAL BÁSICO DE OBRA = (A) | J33: =J31 -> 476911151
E34: OBRAS DE COMPENSACIÓN AMBIENTAL Y/O COMPLEMENTARIAS = (B) | J34: 4205123
E35: VALOR BASICO OBRA (A) + (B) = (C) | J35: =+J34+J33 -> 481116274
E36: VALOR BÁSICO ACTIVIDADES DE CONSULTORÍA = (D) | J36: =ROUND(J30,0) -> 15868677
E37: VALOR IVA ACTIVIDADES DE CONSULTORÍA (19%) = (E) | J37: =ROUND(J36*0.19,0) -> 3015049
E38: VALOR TOTAL (COSTO DIRECTO + INDIRECTO) = (C+ D + E) = (F) AIU = 30% (A=20%, I=5%, U=5%) | J38: =+J37+J36+J35 -> 500000000
A41: NOTA 1: Se debe tener en cuenta que el PRECIO UNITARIO incluye el valor de A.I.U. | G41: DESCRIPCION | J41: PORCENTAJE
A42: NOTA 2: Cuando la fracción decimal del peso sea igual o superior a 5 se aproximará por exceso al número entero siguiente del peso y cuando la fracción decimal del peso sea inferior a 5 se aproximará por defecto al número entero del peso. | G42: ADMINISTRACIÓN | I42: A= | J42: 0.2
A43: NOTA 3: El A.I.U y su discriminación deben estar en porcentaje (%). | G43: IMPREVISTO | I43: I= | J43: 0.05
G44: UTILIDAD | I44: U= | J44: 0.05
G45: TOTAL A.I.U | I45: A.I.U.= | J45: =+SUM(J42:K44) -> 0.3
A48: NOTAS ADICIONALES:
A49: 1. En la SECCIÓN 1 , se presentan las actividades de mejoramiento, teniendo en cuenta el valor asignado para cada una en el convenio.
A50: 2. En la SECCIÓN 3 se agrupan las actividades de consultoria tales como: a.- Revision y/o Ajuste de Estudios y Diseños Base, calculado en forma particular según las obras que lo requieran tales como: Placa huella, Alcantarillas. b.- Caracterización del tramo víal conforme a la Resolución vigente, pala la longitud postulada.
A51: 3. Los valores de reserva calculados para los items: "Revisión y/o ajustes de Estudios y Diseños Base" y de "Obras de Compensación ambiental y/o complementarias", son fijos, no se pueden modificar.
A52: 4. El archivo de presupuesto debe incluir el Análisis de Precios Unitarios (APU) para cada item dentro del mismo libro del presupuesto - hojas subsiguientes, según modelo adjunto.
A53: 5. El valor de cada item debe incluir costo directo + indirecto (AIU del 30%, I= 5%, U=5%).
A54: 6. Para el transporte de materiales se toma la distancia de acarreo a las fuentes de materiales autorizadas en la zona, que para el caso particular transporte de agregados de concreto(, gravilla y piedra ) , sub base y Arena lavada = 38,0 km, transporte de mezcla densa en caliente de 38 Km.
A55: 7. El valor apropiado de las obras de compensación ambiental y/o complementarias, no puede exceder el porcentaje de 1% sobre el valor básico de obra.
A56: 8. Según Art. 100 de la Ley 21 de 1992, la contratación de obra por parte de los Entes Territoriales está excluida de IVA, razón por la cual no se incluye IVA de obra en el presente presupuesto.
A57: 9. Teniendo en cuenta el Manual de Señalización Vial - Dispositivos uniformes para la Regulación del Tránsito en Calles, Carreteras y Ciclorrutas de Colombia, adoptado mediante Resolución No. 0001885 del 17 de junio de 2015 del Ministerio de Transporte, se aclara que el aparte de SEÑALIZACIÓN se debe ajustar a todo su contenido, esta señalización debe colocarse desde la órden de iniciación del contrato.
A58: 10. El control de tráfico temporal (controladores de tráfico) y la señalización provisional necesarios para la ejecución de las obras será por cuenta y riesgo del Contratista.
A59: 11. Las actividades de conformación de calzada están contempladas para ser realizadas en tramos diferentes a donde está contemplado el suministro e instalación de afirmado.
... A70: Profesional de INVIAS Matricula No.:_______________________

Sheet 630.6
L3: CÓDIGO | M3: x
D4: INSTITUTO NACIONAL DE VIAS
D5: PROCESO GESTIÓN DE LA INFRAESTRUCTURA VIAL | L5: VERSIÓN | M5: 1
D6: MANUAL DE INTERVENTORÍA OBRA PÚBLICA
D7: ANÁLISIS DE PRECIOS UNITARIOS | L7: PÁGINA | N7: DE
L10: FECHA
M11: (Día) | N11: (Mes) | O11: (Año)
C12: ITEMS DE LA PROPUESTA ECONÓMICA | J12: ITEMS NO PREVISTOS
C14: UNIDAD EJECUTORA: | E14: SUBDIRECCIÓN RED TERCIARIA Y FÉRREA | K14: DIRECCIÓN TERRITORIAL: | L14: ='MATRIZ DE INFORMACION'!C5 -> BOYACÁ
C17: OBJETO DEL CONTRATO: | F17: ='MATRIZ DE INFORMACION'!C3 -> AUNAR ESFUERZOS PARA EL MEJORAMIENTO Y MANTENIMIENTO DE VIAS RURALES EN EL MUNICIPIO DE RÁQUIRA DEPARTAMENTO DE BOYACA DEL PROGRAMA COLOMBIA RURAL - NACIONAL
C20: CORREDOR: | D20: ='MATRIZ DE INFORMACION'!C6 -> RÁQUIRA - LA COMUNIDAD - MIRQUE - FIRITA PEÑA ABAJO SECTOR CONFIRTES - FARFÁN - MUNICIPIO DE GUACHETA, CUNDINAMARCA. | K20: SECTOR: | L20: ='MATRIZ DE INFORMACION'!C8 -> CASCO URBANO - RESGUARDO OCCIDENTE SECTOR LA COMUNIDAD - MIRQUE - FIRITA PEÑA ABAJO SECTOR CONFIRTES - FARFÁN - MUNICIPIO DE GUACHETA, CUNDINAMARCA.
C22: MUNICIPIO: | D22: ='MATRIZ DE INFORMACION'!C4 -> RÁQUIRA
C24: INTERVENTOR: | L24: CTO No.: | N24: DE
C26: DATOS ESPECÍFICOS
C28: ÍTEM | D28: DESCRIPCIÓN | M28: UNIDAD | O28: CANTIDAD
C29: 630.6 | D29: Concreto Resistencia 14MPa (F) | M29: m3
C30: I. EQUIPO
C33: DESCRIPCIÓN | J33: TIPO | L33: TARIFA/HORA | M33: RENDIMIENTO | O33: Vr. UNITARIO
C34: Mezcladora de concreto tipo trompo | L34: 21665 | N34: 1 | O34: =L34/N34 -> 21665
C37: HERRAMIENTA MENOR (%) | M37: 0.05 | O37: =M37*O66 -> 4176.594
C38: SUBTOTAL $ | O38: =ROUND(SUM(O34:O37),2) -> 25841.59
C39: II. MATERIALES
C42: DESCRIPCIÓN | K42: UNIDAD | L42: CANTIDAD | M42: PRECIO UNIT. | O42: Vr. UNITARIO
C43: Agregado grueso (grava, grava triturada y/o roca triturada) | K43: m3 | L43: 0.84 | M43: 84564.486 | O43: =L43*M43 -> 71034.168
C44: Agua | K44: lt | L44: 185 | M44: 79.369214 | O44: =L44*M44 -> 14683.305
C45: Agregado fino para concreto (tamaño máximo 4,75mm - arena natural o trituración de roca, gravas, y/o escorias) | K45: m3 | L45: 0.63 | M45: 54362.884 | O45: =L45*M45 -> 34248.617
C46: Cemento hidraulico NTC 121 tipo UG | K46: kg | L46: 260 | M46: 530.77519 | O46: =L46*M46 -> 138001.55
C49: SUBTOTAL $ | O49: =ROUND(SUM(O43:O48),2) -> 257967.64
C50: III. TRANSPORTES
C53: MATERIAL | J53: VOL. o PESO | K53: DISTANCIA | L53: M3 o Ton/Km | M53: TARIFA | O53: Vr. UNITARIO
C54: Transporte de agregados | J54: =L43+L45 -> 1.47 | K54: ='MATRIZ DE INFORMACION'!C32 -> 38 | L54: =J54*K54 -> 55.86 | M54: 1022.472 | O54: =L54*M54 -> 57115.287
C57: SUBTOTAL $ | O57: =ROUND(SUM(O54:O56),2) -> 57115.29
C58: IV. MANO DE OBRA
C61: TRABAJADOR | J61: JORNAL | K61: PRESTACIONES | L61: JORNAL TOTAL | M61: RENDIMIENTO | O61: Vr. UNITARIO
C62: Obrero (8) | J62: =L62/K62*100 -> 297912.53 | K62: 185 | L62: 551138.19 | N62: 8 | O62: =L62/N62 -> 68892.273
C63: Oficial | J63: =L63/K63*100 -> 63306.413 | K63: 185 | L63: 117116.86 | N63: 8 | O63: =L63/N63 -> 14639.608
C66: SUBTOTAL $ | O66: =ROUND(SUM(O62:O65),2) -> 83531.88
C68: TOTAL COSTO DIRECTO $ | O68: =O38+O49+O57+O66 -> 424456.4
C69: V. COSTOS INDIRECTOS
C72: Descripción | L72: Porcentaje | M72: Valor Total
C73: ADMINISTRACION | L73: 0.2 | M73: =ROUND($O$68*L73,2) -> 84891.28
C74: IMPREVISTOS | L74: 0.05 | M74: =ROUND($O$68*L74,2) -> 21222.82
C75: UTILIDAD | L75: 0.05 | M75: =ROUND($O$68*L75,2) -> 21222.82
C76: SUBTOTAL $ | O76: =M73+M74+M75 -> 127336.92
C78: Precio Unitario Total Aproximado al peso $ | O78: =ROUND(O68+O76,0) -> 551793
H82: Firma
H83: Nombre:
H84: Representante Legal del Contratista o su Apoderado
H85: Matricula No. :
C87: OBSERVACIONES INTERVENTORÍA
C91: APROBACIÓN POR INTERVENTORÍA
C92: Nota 1: Cuando se trate de Análisis de precios unitarios correspondientes a ítems de la propuesta económica aprobada, el Interventor aprueba el desglose de los componentes manteniendo el mismo precio unitario de cada ítem, cumpliendo con las especificaciones de construcción vigentes para el proyecto.
C94: Nota 2: Cuando se trate de Análisis de precios unitarios de ítems no previstos, el Interventor aprueba el desglose y precio unitario de cada ítem no previsto, exigiendo la aplicación de los costos correspondientes a insumos y tarifas de la propuesta económica inicial cuando estén contemplados, cumpliendo con las especificaciones de construcción vigente para el proyecto.
H97: Firma
H98: Nombre:
H99: Representante Legal del Interventor o su Apoderado
H100: Matricula No. :

Sheet 610.1
L3: CÓDIGO | M3: x
D4: INSTITUTO NACIONAL DE VIAS
D5: PROCESO GESTIÓN DE LA INFRAESTRUCTURA VIAL | L5: VERSIÓN | M5: 1
D6: MANUAL DE INTERVENTORÍA OBRA PÚBLICA
D7: ANÁLISIS DE PRECIOS UNITARIOS | L7: PÁGINA | N7: DE
L10: FECHA
M11: (Día) | N11: (Mes) | O11: (Año)
C12: ITEMS DE LA PROPUESTA ECONÓMICA | J12: ITEMS NO PREVISTOS
C14: UNIDAD EJECUTORA: | E14: SUBDIRECCIÓN RED TERCIARIA Y FÉRREA | K14: DIRECCIÓN TERRITORIAL: | L14: ='MATRIZ DE INFORMACION'!C5 -> BOYACÁ
C17: OBJETO DEL CONTRATO: | F17: ='MATRIZ DE INFORMACION'!C3 -> AUNAR ESFUERZOS PARA EL MEJORAMIENTO Y MANTENIMIENTO DE VIAS RURALES EN EL MUNICIPIO DE RÁQUIRA DEPARTAMENTO DE BOYACA DEL PROGRAMA COLOMBIA RURAL - NACIONAL
C20: CORREDOR: | D20: ='MATRIZ DE INFORMACION'!C6 -> RÁQUIRA - LA COMUNIDAD - MIRQUE - FIRITA PEÑA ABAJO SECTOR CONFIRTES - FARFÁN - MUNICIPIO DE GUACHETA, CUNDINAMARCA. | K20: SECTOR: | L20: ='MATRIZ DE INFORMACION'!C8 -> CASCO URBANO - RESGUARDO OCCIDENTE SECTOR LA COMUNIDAD - MIRQUE - FIRITA PEÑA ABAJO SECTOR CONFIRTES - FARFÁN - MUNICIPIO DE GUACHETA, CUNDINAMARCA.
C22: MUNICIPIO: | D22: ='MATRIZ DE INFORMACION'!C4 -> RÁQUIRA
C24: INTERVENTOR: | L24: CTO No.: | N24: DE
C26: DATOS ESPECÍFICOS
C28: ÍTEM | D28: DESCRIPCIÓN | M28: UNIDAD | O28: CANTIDAD
C29: 610.1 | D29: Rellenos para Estructuras con Suelo. | M29: m3
C30: I. EQUIPO
C33: DESCRIPCIÓN | J33: TIPO | L33: TARIFA/HORA | M33: RENDIMIENTO | O33: Vr. UNITARIO
C34: Compactador manual (SALTARIN) Peso de operación (Kg.) 52, Fuerza de impacto por golpe (KN) 12. | L34: 10123.206 | N34: 2.625 | O34: =L34/N34 -> 3856.4593
C37: HERRAMIENTA MENOR (%) | M37: 0.05 | O37: =M37*O66 -> 934.9665
C38: SUBTOTAL $ | O38: =ROUND(SUM(O34:O37),2) -> 4791.43
C39: II. MATERIALES
C42: DESCRIPCIÓN | K42: UNIDAD | L42: CANTIDAD | M42: PRECIO UNIT. | O42: Vr. UNITARIO
C43: Material seleccionado para Relleno | K43: m3 | L43: 1.3 | M43: 40607.196 | O43: =L43*M43 -> 52789.355
C44: Agua | K44: lt | L44: 30 | M44: 79.369214 | O44: =L44*M44 -> 2381.0764
C49: SUBTOTAL $ | O49: =ROUND(SUM(O43:O48),2) -> 55170.43
C50: III. TRANSPORTES
C53: MATERIAL | J53: VOL. o PESO | K53: DISTANCIA | L53: M3 o Ton/Km | M53: TARIFA | O53: Vr. UNITARIO
C54: Transporte de material seleccionado para relleno | J54: 1.3 | K54: 1 | L54: =J54*K54 -> 1.3 | M54: 1029.0717 | O54: =L54*M54 -> 1337.7932
C57: SUBTOTAL $ | O57: =ROUND(SUM(O54:O56),2) -> 1337.79
C58: IV. MANO DE OBRA
C61: TRABAJADOR | J61: JORNAL | K61: PRESTACIONES | L61: JORNAL TOTAL | M61: RENDIMIENTO | O61: Vr. UNITARIO
C62: Obrero (4) | J62: =L62/K62*100 -> 148956.27 | K62: 185 | L62: 275569.09 | N62: 21 | O62: =L62/N62 -> 13122.338
C63: Oficial | J63: =L63/K63*100 -> 63306.413 | K63: 185 | L63: 117116.86 | N63: 21 | O63: =L63/N63 -> 5576.9936
C66: SUBTOTAL $ | O66: =ROUND(SUM(O62:O65),2) -> 18699.33
C68: TOTAL COSTO DIRECTO $ | O68: =O38+O49+O57+O66 -> 79998.98
C69: V. COSTOS INDIRECTOS
C72: Descripción | L72: Porcentaje | M72: Valor Total
C73: ADMINISTRACION | L73: 0.2 | M73: =ROUND($O$68*L73,2) -> 15999.8
C74: IMPREVISTOS | L74: 0.05 | M74: =ROUND($O$68*L74,2) -> 3999.95
C75: UTILIDAD | L75: 0.05 | M75: =ROUND($O$68*L75,2) -> 3999.95
C76: SUBTOTAL $ | O76: =M73+M74+M75 -> 23999.7
C78: Precio Unitario Total Aproximado al peso $ | O78: =ROUND(O68+O76,0) -> 103999
H82: Firma
H83: Nombre:
H84: Representante Legal del Contratista o su Apoderado
H85: Matricula No. :
C87: OBSERVACIONES INTERVENTORÍA
C91: APROBACIÓN POR INTERVENTORÍA
C92: Nota 1: Cuando se trate de Análisis de precios unitarios correspondientes a ítems de la propuesta económica aprobada, el Interventor aprueba el desglose de los componentes manteniendo el mismo precio unitario de cada ítem, cumpliendo con las especificaciones de construcción vigentes para el proyecto.
C94: Nota 2: Cuando se trate de Análisis de precios unitarios de ítems no previstos, el Interventor aprueba el desglose y precio unitario de cada ítem no previsto, exigiendo la aplicación de los costos correspondientes a insumos y tarifas de la propuesta económica inicial cuando estén contemplados, cumpliendo con las especificaciones de construcción vigente para el proyecto.
H97: Firma
H98: Nombre:
H99: Representante Legal del Interventor o su Apoderado
H100: Matricula No. :

Sheet 661.1
L3: CÓDIGO | M3: x
D4: INSTITUTO NACIONAL DE VIAS
D5: PROCESO GESTIÓN DE LA INFRAESTRUCTURA VIAL | L5: VERSIÓN | M5: 1
D6: MANUAL DE INTERVENTORÍA OBRA PÚBLICA
D7: ANÁLISIS DE PRECIOS UNITARIOS | L7: PÁGINA | N7: DE
L10: FECHA
M11: (Día) | N11: (Mes) | O11: (Año)
C12: ITEMS DE LA PROPUESTA ECONÓMICA | J12: ITEMS NO PREVISTOS
C14: UNIDAD EJECUTORA: | E14: SUBDIRECCIÓN RED TERCIARIA Y FÉRREA | K14: DIRECCIÓN TERRITORIAL: | L14: ='MATRIZ DE INFORMACION'!C5 -> BOYACÁ
C17: OBJETO DEL CONTRATO: | F17: ='MATRIZ DE INFORMACION'!C3 -> AUNAR ESFUERZOS PARA EL MEJORAMIENTO Y MANTENIMIENTO DE VIAS RURALES EN EL MUNICIPIO DE RÁQUIRA DEPARTAMENTO DE BOYACA DEL PROGRAMA COLOMBIA RURAL - NACIONAL
C20: CORREDOR: | D20: ='MATRIZ DE INFORMACION'!C6 -> RÁQUIRA - LA COMUNIDAD - MIRQUE - FIRITA PEÑA ABAJO SECTOR CONFIRTES - FARFÁN - MUNICIPIO DE GUACHETA, CUNDINAMARCA. | K20: SECTOR: | L20: ='MATRIZ DE INFORMACION'!C8 -> CASCO URBANO - RESGUARDO OCCIDENTE SECTOR LA COMUNIDAD - MIRQUE - FIRITA PEÑA ABAJO SECTOR CONFIRTES - FARFÁN - MUNICIPIO DE GUACHETA, CUNDINAMARCA.
C22: MUNICIPIO: | D22: ='MATRIZ DE INFORMACION'!C4 -> RÁQUIRA
C24: INTERVENTOR: | L24: CTO No.: | N24: DE
C26: DATOS ESPECÍFICOS
C28: ÍTEM | D28: DESCRIPCIÓN | M28: UNIDAD | O28: CANTIDAD
C29: 661.1 | D29: Tubería de Concreto Reforzado 21 Mpa de 900 mm de diametro interior | M29: m
C30: I. EQUIPO
C33: DESCRIPCIÓN | J33: TIPO | L33: TARIFA/HORA | M33: RENDIMIENTO | O33: Vr. UNITARIO
C34: Diferencial de 2 toneladas | L34: 3148.624 | N34: 3 | O34: =L34/N34 -> 1049.5413
C35: Camión grúa capacidad 5 toneladas | L35: 59726.913 | N35: 3 | O35: =L35/N35 -> 19908.971
C37: HERRAMIENTA MENOR (%) | M37: 0.1 | O37: =M37*O66 -> 2454.287
C38: SUBTOTAL $ | O38: =ROUND(SUM(O34:O37),2) -> 23412.8
C39: II. MATERIALES
C42: DESCRIPCIÓN | K42: UNIDAD | L42: CANTIDAD | M42: PRECIO UNIT. | O42: Vr. UNITARIO
C43: Mortero 1:3 para juntas | K43: m3 | L43: 0.03 | M43: 352124.61 | O43: =L43*M43 -> 10563.738
C44: Tubo concreto reforzado 900mm (clase II) | K44: m3 | L44: 1 | M44: 474179.29 | O44: =L44*M44 -> 474179.29
C49: SUBTOTAL $ | O49: =ROUND(SUM(O43:O48),2) -> 484743.03
C50: III. TRANSPORTES
C53: MATERIAL | J53: VOL. o PESO | K53: DISTANCIA | L53: M3 o Ton/Km | M53: TARIFA | O53: Vr. UNITARIO
C54: Transporte de Tubería de Concreto Reforzado | J54: 771 | K54: 1 | L54: =J54*K54 -> 771 | M54: 2.6890767 | O54: =L54*M54 -> 2073.2781
C57: SUBTOTAL $ | O57: =ROUND(SUM(O54:O56),2) -> 2073.28
C58: IV. MANO DE OBRA
C61: TRABAJADOR | J61: JORNAL | K61: PRESTACIONES | L61: JORNAL TOTAL | M61: RENDIMIENTO | O61: Vr. UNITARIO
C62: Obrero (4) | J62: =L62/K62*100 -> 148956.27 | K62: 185 | L62: 275569.09 | N62: 16 | O62: =L62/N62 -> 17223.068
C63: Oficial | J63: =L63/K63*100 -> 63306.413 | K63: 185 | L63: 117116.86 | N63: 16 | O63: =L63/N63 -> 7319.804
C66: SUBTOTAL $ | O66: =ROUND(SUM(O62:O65),2) -> 24542.87
C68: TOTAL COSTO DIRECTO $ | O68: =O38+O49+O57+O66 -> 534771.98
C69: V. COSTOS INDIRECTOS
C72: Descripción | L72: Porcentaje | M72: Valor Total
C73: ADMINISTRACION | L73: 0.2 | M73: =ROUND($O$68*L73,2) -> 106954.4
C74: IMPREVISTOS | L74: 0.05 | M74: =ROUND($O$68*L74,2) -> 26738.6
C75: UTILIDAD | L75: 0.05 | M75: =ROUND($O$68*L75,2) -> 26738.6
C76: SUBTOTAL $ | O76: =M73+M74+M75 -> 160431.6
C78: Precio Unitario Total Aproximado al peso $ | O78: =ROUND(O68+O76,0) -> 695204
H82: Firma
H83: Nombre:
H84: Representante Legal del Contratista o su Apoderado
H85: Matricula No. :
C87: OBSERVACIONES INTERVENTORÍA
C91: APROBACIÓN POR INTERVENTORÍA
C92: Nota 1: Cuando se trate de Análisis de precios unitarios correspondientes a ítems de la propuesta económica aprobada, el Interventor aprueba el desglose de los componentes manteniendo el mismo precio unitario de cada ítem, cumpliendo con las especificaciones de construcción vigentes para el proyecto.
C94: Nota 2: Cuando se trate de Análisis de precios unitarios de ítems no previstos, el Interventor aprueba el desglose y precio unitario de cada ítem no previsto, exigiendo la aplicación de los costos correspondientes a insumos y tarifas de la propuesta económica inicial cuando estén contemplados, cumpliendo con las especificaciones de construcción vigente para el proyecto.
H97: Firma
H98: Nombre:
H99: Representante Legal del Interventor o su Apoderado
H100: Matricula No. :

Sheet 630.7
L3: CÓDIGO | M3: x
D4: INSTITUTO NACIONAL DE VIAS
D5: PROCESO GESTIÓN DE LA INFRAESTRUCTURA VIAL | L5: VERSIÓN | M5: 1
D6: MANUAL DE INTERVENTORÍA OBRA PÚBLICA
D7: ANÁLISIS DE PRECIOS UNITARIOS | L7: PÁGINA | N7: DE
L10: FECHA
M11: (Día) | N11: (Mes) | O11: (Año)
C12: ITEMS DE LA PROPUESTA ECONÓMICA | J12: ITEMS NO PREVISTOS
C14: UNIDAD EJECUTORA: | E14: SUBDIRECCIÓN RED TERCIARIA Y FÉRREA | K14: DIRECCIÓN TERRITORIAL: | L14: ='MATRIZ DE INFORMACION'!C5 -> BOYACÁ
C17: OBJETO DEL CONTRATO: | F17: ='MATRIZ DE INFORMACION'!C3 -> AUNAR ESFUERZOS PARA EL MEJORAMIENTO Y MANTENIMIENTO DE VIAS RURALES EN EL MUNICIPIO DE RÁQUIRA DEPARTAMENTO DE BOYACA DEL PROGRAMA COLOMBIA RURAL - NACIONAL
C20: CORREDOR: | D20: ='MATRIZ DE INFORMACION'!C6 -> RÁQUIRA - LA COMUNIDAD - MIRQUE - FIRITA PEÑA ABAJO SECTOR CONFIRTES - FARFÁN - MUNICIPIO DE GUACHETA, CUNDINAMARCA. | K20: SECTOR: | L20: ='MATRIZ DE INFORMACION'!C8 -> CASCO URBANO - RESGUARDO OCCIDENTE SECTOR LA COMUNIDAD - MIRQUE - FIRITA PEÑA ABAJO SECTOR CONFIRTES - FARFÁN - MUNICIPIO DE GUACHETA, CUNDINAMARCA.
C22: MUNICIPIO: | D22: ='MATRIZ DE INFORMACION'!C4 -> RÁQUIRA
C24: INTERVENTOR: | L24: CTO No.: | N24: DE
C26: DATOS ESPECÍFICOS
C28: ÍTEM | D28: DESCRIPCIÓN | M28: UNIDAD | O28: CANTIDAD
C29: 630.7 | D29: Concreto Resistencia 14MPa (G) (Ciclopeo) | M29: m3
C30: I. EQUIPO
C33: DESCRIPCIÓN | J33: TIPO | L33: TARIFA/HORA | M33: RENDIMIENTO | O33: Vr. UNITARIO
C34: Mezcladora de concreto tipo trompo | L34: 10604.058 | N34: 1 | O34: =L34/N34 -> 10604.058
C37: HERRAMIENTA MENOR (%) | M37: 0.05 | O37: =M37*O67 -> 3341.2755
C38: SUBTOTAL $ | O38: =ROUND(SUM(O34:O37),2) -> 13945.33
C39: II. MATERIALES
C42: DESCRIPCIÓN | K42: UNIDAD | L42: CANTIDAD | M42: PRECIO UNIT. | O42: Vr. UNITARIO
C43: Agregado grueso (grava, grava triturada y/o roca triturada) | K43: m3 | L43: 0.504 | M43: 84564.486 | O43: =L43*M43 -> 42620.501
C44: Agua | K44: lt | L44: 111 | M44: 79.369214 | O44: =L44*M44 -> 8809.9828
C45: Piedra para concreto ciclópeo (rajón o canto rodado) | K45: m3 | L45: 0.4 | M45: 66443.525 | O45: =L45*M45 -> 26577.41
C46: Agregado fino para concreto (tamaño máximo 4,75mm - arena natural o trituración de roca, gravas, y/o escorias) | K46: m3 | L46: 0.378 | M46: 54362.884 | O46: =L46*M46 -> 20549.17
C47: Cemento hidraulico NTC 121 tipo UG | K47: kg | L47: 156 | M47: 530.77519 | O47: =L47*M47 -> 82800.93
C49: SUBTOTAL $ | O49: =ROUND(SUM(O43:O48),2) -> 181357.99
C50: III. TRANSPORTES
C53: MATERIAL | J53: VOL. o PESO | K53: DISTANCIA | L53: M3 o Ton/Km | M53: TARIFA | O53: Vr. UNITARIO
C54: Transporte de arena | J54: 0.378 | K54: ='MATRIZ DE INFORMACION'!C32 -> 38 | L54: =J54*K54 -> 14.364 | M54: 1022.472 | O54: =L54*M54 -> 14686.788
C55: Transporte de material triturado | J55: 0.504 | K55: ='MATRIZ DE INFORMACION'!C32 -> 38 | L55: =J55*K55 -> 19.152 | M55: 1022.472 | O55: =L55*M55 -> 19582.384
C56: Transporte de piedra para Ciclópeo | J56: 0.4 | K56: ='MATRIZ DE INFORMACION'!C32 -> 38 | L56: =J56*K56 -> 15.2 | M56: 924.93854 | O56: =L56*M56 -> 14059.066
C58: SUBTOTAL $ | O58: =ROUND(SUM(O54:O57),2) -> 48328.24
C59: IV. MANO DE OBRA
C62: TRABAJADOR | J62: JORNAL | K62: PRESTACIONES | L62: JORNAL TOTAL | M62: RENDIMIENTO | O62: Vr. UNITARIO
C63: Obrero (8) | J63: =L63/K63*100 -> 297912.53 | K63: 185 | L63: 551138.19 | N63: 10 | O63: =L63/N63 -> 55113.819
C64: Oficial | J64: =L64/K64*100 -> 63306.413 | K64: 185 | L64: 117116.86 | N64: 10 | O64: =L64/N64 -> 11711.686
C67: SUBTOTAL $ | O67: =ROUND(SUM(O63:O66),2) -> 66825.51
C69: TOTAL COSTO DIRECTO $ | O69: =O38+O49+O58+O67 -> 310457.07
C70: V. COSTOS INDIRECTOS
C73: Descripción | L73: Porcentaje | M73: Valor Total
C74: ADMINISTRACION | L74: 0.2 | M74: =ROUND($O$69*L74,2) -> 62091.41
C75: IMPREVISTOS | L75: 0.05 | M75: =ROUND($O$69*L75,2) -> 15522.85
C76: UTILIDAD | L76: 0.05 | M76: =ROUND($O$69*L76,2) -> 15522.85
C77: SUBTOTAL $ | O77: =M74+M75+M76 -> 93137.11
C79: Precio Unitario Total Aproximado al peso $ | O79: =ROUND(O69+O77,0) -> 403594
H83: Firma
H84: Nombre:
H85: Representante Legal del Contratista o su Apoderado
H86: Matricula No. :
C88: OBSERVACIONES INTERVENTORÍA
C92: APROBACIÓN POR INTERVENTORÍA
C93: Nota 1: Cuando se trate de Análisis de precios unitarios correspondientes a ítems de la propuesta económica aprobada, el Interventor aprueba el desglose de los componentes manteniendo el mismo precio unitario de cada ítem, cumpliendo con las especificaciones de construcción vigentes para el proyecto.
C95: Nota 2: Cuando se trate de Análisis de precios unitarios de ítems no previstos, el Interventor aprueba el desglose y precio unitario de cada ítem no previsto, exigiendo la aplicación de los costos correspondientes a insumos y tarifas de la propuesta económica inicial cuando estén contemplados, cumpliendo con las especificaciones de construcción vigente para el proyecto.
H98: Firma
H99: Nombre:
H100: Representante Legal del Interventor o su Apoderado
H101: Matricula No. :

Sheet 600.1.1P
L3: CÓDIGO | M3: x
D4: INSTITUTO NACIONAL DE VIAS
D5: PROCESO GESTIÓN DE LA INFRAESTRUCTURA VIAL | L5: VERSIÓN | M5: 1
D6: MANUAL DE INTERVENTORÍA OBRA PÚBLICA
D7: ANÁLISIS DE PRECIOS UNITARIOS | L7: PÁGINA | N7: DE
L10: FECHA
M11: (Día) | N11: (Mes) | O11: (Año)
C12: ITEMS DE LA PROPUESTA ECONÓMICA | J12: ITEMS NO PREVISTOS
C14: UNIDAD EJECUTORA: | E14: SUBDIRECCIÓN RED TERCIARIA Y FÉRREA | K14: DIRECCIÓN TERRITORIAL: | L14: ='MATRIZ DE INFORMACION'!C5 -> BOYACÁ
C17: OBJETO DEL CONTRATO: | F17: ='MATRIZ DE INFORMACION'!C3 -> AUNAR ESFUERZOS PARA EL MEJORAMIENTO Y MANTENIMIENTO DE VIAS RURALES EN EL MUNICIPIO DE RÁQUIRA DEPARTAMENTO DE BOYACA DEL PROGRAMA COLOMBIA RURAL - NACIONAL
C20: CORREDOR: | D20: ='MATRIZ DE INFORMACION'!C6 -> RÁQUIRA - LA COMUNIDAD - MIRQUE - FIRITA PEÑA ABAJO SECTOR CONFIRTES - FARFÁN - MUNICIPIO DE GUACHETA, CUNDINAMARCA. | K20: SECTOR: | L20: ='MATRIZ DE INFORMACION'!C8 -> CASCO URBANO - RESGUARDO OCCIDENTE SECTOR LA COMUNIDAD - MIRQUE - FIRITA PEÑA ABAJO SECTOR CONFIRTES - FARFÁN - MUNICIPIO DE GUACHETA, CUNDINAMARCA.
C22: MUNICIPIO: | D22: ='MATRIZ DE INFORMACION'!C4 -> RÁQUIRA
C24: INTERVENTOR: | L24: CTO No.: | N24: DE
C26: DATOS ESPECÍFICOS
C28: ÍTEM | D28: DESCRIPCIÓN | M28: UNIDAD | O28: CANTIDAD
C29: 600.1.1P | D29: Excavación Manual | M29: m3
C30: I. EQUIPO
C33: DESCRIPCIÓN | J33: TIPO | L33: TARIFA/HORA | M33: RENDIMIENTO | O33: Vr. UNITARIO
C37: HERRAMIENTA MENOR (%) | M37: 0.05 | O37: =M37*O66 -> 1820.7245
C38: SUBTOTAL $ | O38: =ROUND(SUM(O34:O37),2) -> 1820.72
C39: II. MATERIALES
C42: DESCRIPCIÓN | K42: UNIDAD | L42: CANTIDAD | M42: PRECIO UNIT. | O42: Vr. UNITARIO
C43: Derechos de explotación y/o disposición de materiales | K43: m3 | L43: 1.3 | M43: =#REF! -> #REF! | O43: =L43*M43 -> #REF!
C49: SUBTOTAL $ | O49: =ROUND(SUM(O43:O48),2) -> #REF!
C50: III. TRANSPORTES
C53: MATERIAL | J53: VOL. o PESO | K53: DISTANCIA | L53: M3 o Ton/Km | M53: TARIFA | O53: Vr. UNITARIO
C54: Transporte de material de excavación | J54: 1.3 | K54: 1 | L54: =J54*K54 -> 1.3 | M54: =#REF! -> #REF! | O54: =L54*M54 -> #REF!
C57: SUBTOTAL $ | O57: =ROUND(SUM(O54:O56),2) -> #REF!
C58: IV. MANO DE OBRA
C61: TRABAJADOR | J61: JORNAL | K61: PRESTACIONES | L61: JORNAL TOTAL | M61: RENDIMIENTO | O61: Vr. UNITARIO
C62: Obrero (2) | J62: =L62/K62*100 -> 74478.133 | K62: 185 | L62: 137784.55 | N62: 7 | O62: =L62/N62 -> 19683.507
C63: Oficial | J63: =L63/K63*100 -> 63306.413 | K63: 185 | L63: 117116.86 | N63: 7 | O63: =L63/N63 -> 16730.981
C66: SUBTOTAL $ | O66: =ROUND(SUM(O62:O65),2) -> 36414.49
C68: TOTAL COSTO DIRECTO $ | O68: =O38+O49+O57+O66 -> #REF!
C69: V. COSTOS INDIRECTOS
C72: Descripción | L72: Porcentaje | M72: Valor Total
C73: ADMINISTRACION | L73: 0.2 | M73: =ROUND($O$68*L73,2) -> #REF!
C74: IMPREVISTOS | L74: 0.05 | M74: =ROUND($O$68*L74,2) -> #REF!
C75: UTILIDAD | L75: 0.05 | M75: =ROUND($O$68*L75,2) -> #REF!
C76: SUBTOTAL $ | O76: =M73+M74+M75 -> #REF!
C78: Precio Unitario Total Aproximado al peso $ | O78: =ROUND(O68+O76,0) -> #REF!
H82: Firma
H83: Nombre:
H84: Representante Legal del Contratista o su Apoderado
H85: Matricula No. :
C87: OBSERVACIONES INTERVENTORÍA
C91: APROBACIÓN POR INTERVENTORÍA
C92: Nota 1: Cuando se trate de Análisis de precios unitarios correspondientes a ítems de la propuesta económica aprobada, el Interventor aprueba el desglose de los componentes manteniendo el mismo precio unitario de cada ítem, cumpliendo con las especificaciones de construcción vigentes para el proyecto.
C94: Nota 2: Cuando se trate de Análisis de precios unitarios de ítems no previstos, el Interventor aprueba el desglose y precio unitario de cada ítem no previsto, exigiendo la aplicación de los costos correspondientes a insumos y tarifas de la propuesta económica inicial cuando estén contemplados, cumpliendo con las especificaciones de construcción vigente para el proyecto.
H97: Firma
H98: Nombre:
H99: Representante Legal del Interventor o su Apoderado
H100: Matricula No. :

Sheet 103.1P
L3: CÓDIGO | M3: x
D4: INSTITUTO NACIONAL DE VIAS
D5: PROCESO GESTIÓN DE LA INFRAESTRUCTURA VIAL | L5: VERSIÓN | M5: 1
D6: MANUAL DE INTERVENTORÍA OBRA PÚBLICA
D7: ANÁLISIS DE PRECIOS UNITARIOS | L7: PÁGINA | N7: DE
L10: FECHA
M11: (Día) | N11: (Mes) | O11: (Año)
C12: ITEMS DE LA PROPUESTA ECONÓMICA | J12: ITEMS NO PREVISTOS
C14: UNIDAD EJECUTORA: | E14: SUBDIRECCIÓN RED TERCIARIA Y FÉRREA | K14: DIRECCIÓN TERRITORIAL: | L14: ='MATRIZ DE INFORMACION'!C5 -> BOYACÁ
C17: OBJETO DEL CONTRATO: | F17: ='MATRIZ DE INFORMACION'!C3 -> AUNAR ESFUERZOS PARA EL MEJORAMIENTO Y MANTENIMIENTO DE VIAS RURALES EN EL MUNICIPIO DE RÁQUIRA DEPARTAMENTO DE BOYACA DEL PROGRAMA COLOMBIA RURAL - NACIONAL
C20: CORREDOR: | D20: ='MATRIZ DE INFORMACION'!C6 -> RÁQUIRA - LA COMUNIDAD - MIRQUE - FIRITA PEÑA ABAJO SECTOR CONFIRTES - FARFÁN - MUNICIPIO DE GUACHETA, CUNDINAMARCA. | K20: SECTOR: | L20: ='MATRIZ DE INFORMACION'!C8 -> CASCO URBANO - RESGUARDO OCCIDENTE SECTOR LA COMUNIDAD - MIRQUE - FIRITA PEÑA ABAJO SECTOR CONFIRTES - FARFÁN - MUNICIPIO DE GUACHETA, CUNDINAMARCA.
C22: MUNICIPIO: | D22: ='MATRIZ DE INFORMACION'!C4 -> RÁQUIRA
C24: INTERVENTOR: | L24: CTO No.: | N24: DE
C26: DATOS ESPECÍFICOS
C28: ÍTEM | D28: DESCRIPCIÓN | M28: UNIDAD | O28: CANTIDAD
C29: 103.1P | D29: Suministro e instalación apoyos elastomericos de neopreno 35cm*45cm*5cm dureza 60 | M29: und
C30: I. EQUIPO
C33: DESCRIPCIÓN | J33: TIPO | L33: TARIFA/HORA | M33: RENDIMIENTO | O33: Vr. UNITARIO
C37: HERRAMIENTA MENOR (%) | M37: 0.01 | O37: =M37*O67 -> 45.9282
C38: SUBTOTAL $ | O38: =ROUND(SUM(O34:O37),2) -> 45.93
C39: II. MATERIALES
C42: DESCRIPCIÓN | K42: UNIDAD | L42: CANTIDAD | M42: PRECIO UNIT. | O42: Vr. UNITARIO
C43: Neopreno 35cm*45cm*5cm dureza 60 | K43: und | L43: 1 | M43: 457455.11 | O43: =L43*M43 -> 457455.11
C49: SUBTOTAL $ | O49: =ROUND(SUM(O43:O48),2) -> 457455.11
C50: III. TRANSPORTES
C53: MATERIAL | J53: VOL. o PESO | K53: DISTANCIA | L53: M3 o Ton/Km | M53: TARIFA | O53: Vr. UNITARIO
C58: SUBTOTAL $ | O58: =ROUND(SUM(O54:O57),2) -> 0
C59: IV. MANO DE OBRA
C62: TRABAJADOR | J62: JORNAL | K62: PRESTACIONES | L62: JORNAL TOTAL | M62: RENDIMIENTO | O62: Vr. UNITARIO
C63: Obrero (2) | J63: =L63/K63*100 -> 74478.133 | K63: 185 | L63: 137784.55 | N63: 30 | O63: =L63/N63 -> 4592.8182
C67: SUBTOTAL $ | O67: =ROUND(SUM(O63:O66),2) -> 4592.82
C69: TOTAL COSTO DIRECTO $ | O69: =O38+O49+O58+O67 -> 462093.86
C70: V. COSTOS INDIRECTOS
C73: Descripción | L73: Porcentaje | M73: Valor Total
C74: ADMINISTRACION | L74: 0.2 | M74: =ROUND($O$69*L74,2) -> 92418.77
C75: IMPREVISTOS | L75: 0.05 | M75: =ROUND($O$69*L75,2) -> 23104.69
C76: UTILIDAD | L76: 0.05 | M76: =ROUND($O$69*L76,2) -> 23104.69
C77: SUBTOTAL $ | O77: =M74+M75+M76 -> 138628.15
C79: Precio Unitario Total Aproximado al peso $ | O79: =ROUND(O69+O77,0) -> 600722
H83: Firma
H84: Nombre:
H85: Representante Legal del Contratista o su Apoderado
H86: Matricula No. :
C88: OBSERVACIONES INTERVENTORÍA
C92: APROBACIÓN POR INTERVENTORÍA
C93: Nota 1: Cuando se trate de Análisis de precios unitarios correspondientes a ítems de la propuesta económica aprobada, el Interventor aprueba el desglose de los componentes manteniendo el mismo precio unitario de cada ítem, cumpliendo con las especificaciones de construcción vigentes para el proyecto.
C95: Nota 2: Cuando se trate de Análisis de precios unitarios de ítems no previstos, el Interventor aprueba el desglose y precio unitario de cada ítem no previsto, exigiendo la aplicación de los costos correspondientes a insumos y tarifas de la propuesta económica inicial cuando estén contemplados, cumpliendo con las especificaciones de construcción vigente para el proyecto.
H98: Firma
H99: Nombre:
H100: Representante Legal del Interventor o su Apoderado
H101: Matricula No. :

Sheet 104.1P
L3: CÓDIGO | M3: x
D4: INSTITUTO NACIONAL DE VIAS
D5: PROCESO GESTIÓN DE LA INFRAESTRUCTURA VIAL | L5: VERSIÓN | M5: 1
D6: MANUAL DE INTERVENTORÍA OBRA PÚBLICA
D7: ANÁLISIS DE PRECIOS UNITARIOS | L7: PÁGINA | N7: DE
L10: FECHA
M11: (Día) | N11: (Mes) | O11: (Año)
C12: ITEMS DE LA PROPUESTA ECONÓMICA | J12: ITEMS NO PREVISTOS
C14: UNIDAD EJECUTORA: | E14: SUBDIRECCIÓN RED TERCIARIA Y FÉRREA | K14: DIRECCIÓN TERRITORIAL: | L14: ='MATRIZ DE INFORMACION'!C5 -> BOYACÁ
C17: OBJETO DEL CONTRATO: | F17: ='MATRIZ DE INFORMACION'!C3 -> AUNAR ESFUERZOS PARA EL MEJORAMIENTO Y MANTENIMIENTO DE VIAS RURALES EN EL MUNICIPIO DE RÁQUIRA DEPARTAMENTO DE BOYACA DEL PROGRAMA COLOMBIA RURAL - NACIONAL
C20: CORREDOR: | D20: ='MATRIZ DE INFORMACION'!C6 -> RÁQUIRA - LA COMUNIDAD - MIRQUE - FIRITA PEÑA ABAJO SECTOR CONFIRTES - FARFÁN - MUNICIPIO DE GUACHETA, CUNDINAMARCA. | K20: SECTOR: | L20: ='MATRIZ DE INFORMACION'!C8 -> CASCO URBANO - RESGUARDO OCCIDENTE SECTOR LA COMUNIDAD - MIRQUE - FIRITA PEÑA ABAJO SECTOR CONFIRTES - FARFÁN - MUNICIPIO DE GUACHETA, CUNDINAMARCA.
C22: MUNICIPIO: | D22: ='MATRIZ DE INFORMACION'!C4 -> RÁQUIRA
C24: INTERVENTOR: | L24: CTO No.: | N24: DE
C26: DATOS ESPECÍFICOS
C28: ÍTEM | D28: DESCRIPCIÓN | M28: UNIDAD | O28: CANTIDAD
C29: 104.1P | D29: Barandas en tuberia metalica, soldado, según diseño incluye anticorrosivo y pintura | M29: ml
C30: I. EQUIPO
C33: DESCRIPCIÓN | J33: TIPO | L33: TARIFA/HORA | M33: RENDIMIENTO | O33: Vr. UNITARIO
C34: Equipo de pintura (compresor), presión máxima de trabajo 3300 psi | L34: 10123.206 | N34: 2.5 | O34: =L34/N34 -> 4049.2822
C35: Equipo de soldadura | L35: 14924.523 | N35: 2 | O35: =L35/N35 -> 7462.2615
C37: HERRAMIENTA MENOR (%) | M37: 0.01 | O37: =M37*O67 -> 1860.0914
C38: SUBTOTAL $ | O38: =ROUND(SUM(O34:O37),2) -> 13371.64
C39: II. MATERIALES
C42: DESCRIPCIÓN | K42: UNIDAD | L42: CANTIDAD | M42: PRECIO UNIT. | O42: Vr. UNITARIO
C43: Tubería D=4´´ tipo pesado, E=2mm (baranda metálica) | K43: ml | L43: 3.5 | M43: 29176.85 | O43: =L43*M43 -> 102118.97
C44: Pintura anticorrosiva | K44: gal | L44: 1.5 | M44: 12382.76 | O44: =L44*M44 -> 18574.14
C45: Soldadura 7018 | K45: kg | L45: 0.5 | M45: 37265.87 | O45: =L45*M45 -> 18632.935
C49: SUBTOTAL $ | O49: =ROUND(SUM(O43:O48),2) -> 139326.05
C50: III. TRANSPORTES
C53: MATERIAL | J53: VOL. o PESO | K53: DISTANCIA | L53: M3 o Ton/Km | M53: TARIFA | O53: Vr. UNITARIO
C58: SUBTOTAL $ | O58: =ROUND(SUM(O54:O57),2) -> 0
C59: IV. MANO DE OBRA
C62: TRABAJADOR | J62: JORNAL | K62: PRESTACIONES | L62: JORNAL TOTAL | M62: RENDIMIENTO | O62: Vr. UNITARIO
C63: Obrero (2) | J63: =L63/K63*100 -> 74478.133 | K63: 185 | L63: 137784.55 | N63: 2 | O63: =L63/N63 -> 68892.273
C64: Oficial | J64: =L64/K64*100 -> 63306.413 | K64: 185 | L64: 117116.86 | N64: 2 | O64: =L64/N64 -> 58558.432
C65: soldador | J65: =L65/K65*100 -> 63306.413 | K65: 185 | L65: 117116.86 | N65: 2 | O65: =L65/N65 -> 58558.432
C67: SUBTOTAL $ | O67: =ROUND(SUM(O63:O66),2) -> 186009.14
C69: TOTAL COSTO DIRECTO $ | O69: =O38+O49+O58+O67 -> 338706.83
C70: V. COSTOS INDIRECTOS
C73: Descripción | L73: Porcentaje | M73: Valor Total
C74: ADMINISTRACION | L74: 0.2 | M74: =ROUND($O$69*L74,2) -> 67741.37
C75: IMPREVISTOS | L75: 0.05 | M75: =ROUND($O$69*L75,2) -> 16935.34
C76: UTILIDAD | L76: 0.05 | M76: =ROUND($O$69*L76,2) -> 16935.34
C77: SUBTOTAL $ | O77: =M74+M75+M76 -> 101612.05
C79: Precio Unitario Total Aproximado al peso $ | O79: =ROUND(O69+O77,0) -> 440319
H83: Firma
H84: Nombre:
H85: Representante Legal del Contratista o su Apoderado
H86: Matricula No. :
C88: OBSERVACIONES INTERVENTORÍA
C92: APROBACIÓN POR INTERVENTORÍA
C93: Nota 1: Cuando se trate de Análisis de precios unitarios correspondientes a ítems de la propuesta económica aprobada, el Interventor aprueba el desglose de los componentes manteniendo el mismo precio unitario de cada ítem, cumpliendo con las especificaciones de construcción vigentes para el proyecto.
C95: Nota 2: Cuando se trate de Análisis de precios unitarios de ítems no previstos, el Interventor aprueba el desglose y precio unitario de cada ítem no previsto, exigiendo la aplicación de los costos correspondientes a insumos y tarifas de la propuesta económica inicial cuando estén contemplados, cumpliendo con las especificaciones de construcción vigente para el proyecto.
H98: Firma
H99: Nombre:
H100: Representante Legal del Interventor o su Apoderado
H101: Matricula No. :

Sheet 661.1.P
L3: CÓDIGO | M3: x
D4: INSTITUTO NACIONAL DE VIAS
D5: PROCESO GESTIÓN DE LA INFRAESTRUCTURA VIAL | L5: VERSIÓN | M5: 1
D6: MANUAL DE INTERVENTORÍA OBRA PÚBLICA
D7: ANÁLISIS DE PRECIOS UNITARIOS | L7: PÁGINA | N7: DE
L10: FECHA
M11: (Día) | N11: (Mes) | O11: (Año)
C12: ITEMS DE LA PROPUESTA ECONÓMICA | J12: ITEMS NO PREVISTOS
C14: UNIDAD EJECUTORA: | E14: SUBDIRECCIÓN RED TERCIARIA Y FÉRREA | K14: DIRECCIÓN TERRITORIAL: | L14: ='MATRIZ DE INFORMACION'!C5 -> BOYACÁ
C17: OBJETO DEL CONTRATO: | F17: ='MATRIZ DE INFORMACION'!C3 -> AUNAR ESFUERZOS PARA EL MEJORAMIENTO Y MANTENIMIENTO DE VIAS RURALES EN EL MUNICIPIO DE RÁQUIRA DEPARTAMENTO DE BOYACA DEL PROGRAMA COLOMBIA RURAL - NACIONAL
C20: CORREDOR: | D20: ='MATRIZ DE INFORMACION'!C6 -> RÁQUIRA - LA COMUNIDAD - MIRQUE - FIRITA PEÑA ABAJO SECTOR CONFIRTES - FARFÁN - MUNICIPIO DE GUACHETA, CUNDINAMARCA. | K20: SECTOR: | L20: ='MATRIZ DE INFORMACION'!C8 -> CASCO URBANO - RESGUARDO OCCIDENTE SECTOR LA COMUNIDAD - MIRQUE - FIRITA PEÑA ABAJO SECTOR CONFIRTES - FARFÁN - MUNICIPIO DE GUACHETA, CUNDINAMARCA.
C22: MUNICIPIO: | D22: ='MATRIZ DE INFORMACION'!C4 -> RÁQUIRA
C24: INTERVENTOR: | L24: CTO No.: | N24: DE
C26: DATOS ESPECÍFICOS
C27: ÍTEM | D27: DESCRIPCIÓN | M27: UNIDAD | O27: CANTIDAD
C28: 661.1.P | D28: Tubería PVC perforada para filtro diámetro 4" | M28: m
C29: I. EQUIPO
C32: DESCRIPCIÓN | J32: TIPO | L32: TARIFA/HORA | M32: RENDIMIENTO | O32: Vr. UNITARIO
C36: HERRAMIENTA MENOR (%) | M36: 0.03 | O36: =M36*O65 -> 111.6054
C37: SUBTOTAL $ | O37: =ROUND(SUM(O33:O36),2) -> 111.61
C38: II. MATERIALES
C41: DESCRIPCIÓN | K41: UNIDAD | L41: CANTIDAD | M41: PRECIO UNIT. | O41: Vr. UNITARIO
C42: Tubería Perforada en PVC de 4´´ | K42: m | L42: 1 | M42: 19040 | O42: =L42*M42 -> 19040
C48: SUBTOTAL $ | O48: =ROUND(SUM(O42:O47),2) -> 19040
C49: III. TRANSPORTES
C52: MATERIAL | J52: VOL. o PESO | K52: DISTANCIA | L52: M3 o Ton/Km | M52: TARIFA | O52: Vr. UNITARIO
C56: SUBTOTAL $ | O56: =ROUND(SUM(O53:O55),2) -> 0
C57: IV. MANO DE OBRA
C60: TRABAJADOR | J60: JORNAL | K60: PRESTACIONES | L60: JORNAL TOTAL | M60: RENDIMIENTO | O60: Vr. UNITARIO
C61: Obrero | J61: =L61/K61*100 -> 37239.067 | K61: 185 | L61: 68892.273 | N61: 50 | O61: =L61/N61 -> 1377.8455
C62: Oficial | J62: =L62/K62*100 -> 63306.413 | K62: 185 | L62: 117116.86 | N62: 50 | O62: =L62/N62 -> 2342.3373
C65: SUBTOTAL $ | O65: =ROUND(SUM(O61:O64),2) -> 3720.18
C67: TOTAL COSTO DIRECTO $ | O67: =O37+O48+O56+O65 -> 22871.79
C68: V. COSTOS INDIRECTOS
C71: Descripción | L71: Porcentaje | M71: Valor Total
C72: ADMINISTRACION | L72: 0.2 | M72: =ROUND($O$67*L72,2) -> 4574.36
C73: IMPREVISTOS | L73: 0.05 | M73: =ROUND($O$67*L73,2) -> 1143.59
C74: UTILIDAD | L74: 0.05 | M74: =ROUND($O$67*L74,2) -> 1143.59
C75: SUBTOTAL $ | O75: =M72+M73+M74 -> 6861.54
C77: Precio Unitario Total Aproximado al peso $ | O77: =ROUND(O67+O75,0) -> 29733
H81: Firma
H82: Nombre:
H83: Representante Legal del Contratista o su Apoderado
H84: Matricula No. :
C86: OBSERVACIONES INTERVENTORÍA
C90: APROBACIÓN POR INTERVENTORÍA
C91: Nota 1: Cuando se trate de Análisis de precios unitarios correspondientes a ítems de la propuesta económica aprobada, el Interventor aprueba el desglose de los componentes manteniendo el mismo precio unitario de cada ítem, cumpliendo con las especificaciones de construcción vigentes para el proyecto.
C93: Nota 2: Cuando se trate de Análisis de precios unitarios de ítems no previstos, el Interventor aprueba el desglose y precio unitario de cada ítem no previsto, exigiendo la aplicación de los costos correspondientes a insumos y tarifas de la propuesta económica inicial cuando estén contemplados, cumpliendo con las especificaciones de construcción vigente para el proyecto.
H96: Firma
H97: Nombre:
H98: Representante Legal del Interventor o su Apoderado
H99: Matricula No. :

Sheet 673.1.1
L3: CÓDIGO | M3: x
D4: INSTITUTO NACIONAL DE VIAS
D5: PROCESO GESTIÓN DE LA INFRAESTRUCTURA VIAL | L5: VERSIÓN | M5: 1
D6: MANUAL DE INTERVENTORÍA OBRA PÚBLICA
D7: ANÁLISIS DE PRECIOS UNITARIOS | L7: PÁGINA | N7: DE
L10: FECHA
M11: (Día) | N11: (Mes) | O11: (Año)
C12: ITEMS DE LA PROPUESTA ECONÓMICA | J12: ITEMS NO PREVISTOS
C14: UNIDAD EJECUTORA: | E14: SUBDIRECCIÓN RED TERCIARIA Y FÉRREA | K14: DIRECCIÓN TERRITORIAL: | L14: ='MATRIZ DE INFORMACION'!C5 -> BOYACÁ
C17: OBJETO DEL CONTRATO: | F17: ='MATRIZ DE INFORMACION'!C3 -> AUNAR ESFUERZOS PARA EL MEJORAMIENTO Y MANTENIMIENTO DE VIAS RURALES EN EL MUNICIPIO DE RÁQUIRA DEPARTAMENTO DE BOYACA DEL PROGRAMA COLOMBIA RURAL - NACIONAL
C20: CORREDOR: | D20: ='MATRIZ DE INFORMACION'!C6 -> RÁQUIRA - LA COMUNIDAD - MIRQUE - FIRITA PEÑA ABAJO SECTOR CONFIRTES - FARFÁN - MUNICIPIO DE GUACHETA, CUNDINAMARCA. | K20: SECTOR: | L20: ='MATRIZ DE INFORMACION'!C8 -> CASCO URBANO - RESGUARDO OCCIDENTE SECTOR LA COMUNIDAD - MIRQUE - FIRITA PEÑA ABAJO SECTOR CONFIRTES - FARFÁN - MUNICIPIO DE GUACHETA, CUNDINAMARCA.
C22: MUNICIPIO: | D22: ='MATRIZ DE INFORMACION'!C4 -> RÁQUIRA
C24: INTERVENTOR: | L24: CTO No.: | N24: DE
C26: DATOS ESPECÍFICOS
C28: ÍTEM | D28: DESCRIPCIÓN | M28: UNIDAD | O28: CANTIDAD
C29: 673.1.1 | D29: Geotextil Tipo NT-2500 o similar no tejido | M29: m2
C30: I. EQUIPO
C33: DESCRIPCIÓN | J33: TIPO | L33: TARIFA/HORA | M33: RENDIMIENTO | O33: Vr. UNITARIO
C37: HERRAMIENTA MENOR (%) | M37: 0.05 | O37: =M37*O66 -> 28.705
C38: SUBTOTAL $ | O38: =ROUND(SUM(O34:O37),2) -> 28.71
C39: II. MATERIALES
C42: DESCRIPCIÓN | K42: UNIDAD | L42: CANTIDAD | M42: PRECIO UNIT. | O42: Vr. UNITARIO
C43: Geotextil Nt-2500 O Similar (Proveedores, Pavco, Geomatrix, Tensar, Omnes U Otros) | K43: m2 | L43: 1.1 | M43: 6451.7905 | O43: =L43*M43 -> 7096.9695
C49: SUBTOTAL $ | O49: =ROUND(SUM(O43:O48),2) -> 7096.97
C50: III. TRANSPORTES
C53: MATERIAL | J53: VOL. o PESO | K53: DISTANCIA | L53: M3 o Ton/Km | M53: TARIFA | O53: Vr. UNITARIO
C57: SUBTOTAL $ | O57: =ROUND(SUM(O54:O56),2) -> 0
C58: IV. MANO DE OBRA
C61: TRABAJADOR | J61: JORNAL | K61: PRESTACIONES | L61: JORNAL TOTAL | M61: RENDIMIENTO | O61: Vr. UNITARIO
C62: Obrero (2) | J62: =L62/K62*100 -> 74478.133 | K62: 185 | L62: 137784.55 | N62: 240 | O62: =L62/N62 -> 574.10228
C66: SUBTOTAL $ | O66: =ROUND(SUM(O62:O65),2) -> 574.1
C68: TOTAL COSTO DIRECTO $ | O68: =O38+O49+O57+O66 -> 7699.78
C69: V. COSTOS INDIRECTOS
C72: Descripción | L72: Porcentaje | M72: Valor Total
C73: ADMINISTRACION | L73: 0.2 | M73: =ROUND($O$68*L73,2) -> 1539.96
C74: IMPREVISTOS | L74: 0.05 | M74: =ROUND($O$68*L74,2) -> 384.99
C75: UTILIDAD | L75: 0.05 | M75: =ROUND($O$68*L75,2) -> 384.99
C76: SUBTOTAL $ | O76: =M73+M74+M75 -> 2309.94
C78: Precio Unitario Total Aproximado al peso $ | O78: =ROUND(O68+O76,0) -> 10010
H82: Firma
H83: Nombre:
H84: Representante Legal del Contratista o su Apoderado
H85: Matricula No. :
C87: OBSERVACIONES INTERVENTORÍA
C91: APROBACIÓN POR INTERVENTORÍA
C92: Nota 1: Cuando se trate de Análisis de precios unitarios correspondientes a ítems de la propuesta económica aprobada, el Interventor aprueba el desglose de los componentes manteniendo el mismo precio unitario de cada ítem, cumpliendo con las especificaciones de construcción vigentes para el proyecto.
C94: Nota 2: Cuando se trate de Análisis de precios unitarios de ítems no previstos, el Interventor aprueba el desglose y precio unitario de cada ítem no previsto, exigiendo la aplicación de los costos correspondientes a insumos y tarifas de la propuesta económica inicial cuando estén contemplados, cumpliendo con las especificaciones de construcción vigente para el proyecto.
H97: Firma
H98: Nombre:
H99: Representante Legal del Interventor o su Apoderado
H100: Matricula No. :

Sheet 673.2
L3: CÓDIGO | M3: x
D4: INSTITUTO NACIONAL DE VIAS
D5: PROCESO GESTIÓN DE LA INFRAESTRUCTURA VIAL | L5: VERSIÓN | M5: 1
D6: MANUAL DE INTERVENTORÍA OBRA PÚBLICA
D7: ANÁLISIS DE PRECIOS UNITARIOS | L7: PÁGINA | N7: DE
L10: FECHA
M11: (Día) | N11: (Mes) | O11: (Año)
C12: ITEMS DE LA PROPUESTA ECONÓMICA | J12: ITEMS NO PREVISTOS
C14: UNIDAD EJECUTORA: | E14: SUBDIRECCIÓN RED TERCIARIA Y FÉRREA | K14: DIRECCIÓN TERRITORIAL: | L14: ='MATRIZ DE INFORMACION'!C5 -> BOYACÁ
C17: OBJETO DEL CONTRATO: | F17: ='MATRIZ DE INFORMACION'!C3 -> AUNAR ESFUERZOS PARA EL MEJORAMIENTO Y MANTENIMIENTO DE VIAS RURALES EN EL MUNICIPIO DE RÁQUIRA DEPARTAMENTO DE BOYACA DEL PROGRAMA COLOMBIA RURAL - NACIONAL
C20: CORREDOR: | D20: ='MATRIZ DE INFORMACION'!C6 -> RÁQUIRA - LA COMUNIDAD - MIRQUE - FIRITA PEÑA ABAJO SECTOR CONFIRTES - FARFÁN - MUNICIPIO DE GUACHETA, CUNDINAMARCA. | K20: SECTOR: | L20: ='MATRIZ DE INFORMACION'!C8 -> CASCO URBANO - RESGUARDO OCCIDENTE SECTOR LA COMUNIDAD - MIRQUE - FIRITA PEÑA ABAJO SECTOR CONFIRTES - FARFÁN - MUNICIPIO DE GUACHETA, CUNDINAMARCA.
C22: MUNICIPIO: | D22: ='MATRIZ DE INFORMACION'!C4 -> RÁQUIRA
C24: INTERVENTOR: | L24: CTO No.: | N24: DE
C26: DATOS ESPECÍFICOS
C28: ÍTEM | D28: DESCRIPCIÓN | M28: UNIDAD | O28: CANTIDAD
C29: 673.2 | D29: Material Granular Drenante | M29: m3
C30: I. EQUIPO
C33: DESCRIPCIÓN | J33: TIPO | L33: TARIFA/HORA | M33: RENDIMIENTO | O33: Vr. UNITARIO
C37: HERRAMIENTA MENOR (%) | M37: 0.05 | O37: =M37*O66 -> 516.692
C38: SUBTOTAL $ | O38: =ROUND(SUM(O34:O37),2) -> 516.69
C39: II. MATERIALES
C42: DESCRIPCIÓN | K42: UNIDAD | L42: CANTIDAD | M42: PRECIO UNIT. | O42: Vr. UNITARIO
C43: Material drenante (3´´) | K43: m3 | L43: 1.06 | M43: 60403.204 | O43: =L43*M43 -> 64027.396
C49: SUBTOTAL $ | O49: =ROUND(SUM(O43:O48),2) -> 64027.4
C50: III. TRANSPORTES
C53: MATERIAL | J53: VOL. o PESO | K53: DISTANCIA | L53: M3 o Ton/Km | M53: TARIFA | O53: Vr. UNITARIO
C54: Transporte de Material Drenante | J54: 1.06 | K54: ='MATRIZ DE INFORMACION'!C32 -> 38 | L54: =J54*K54 -> 40.28 | M54: 1052.1581 | O54: =L54*M54 -> 42380.929
C57: SUBTOTAL $ | O57: =ROUND(SUM(O54:O56),2) -> 42380.93
C58: IV. MANO DE OBRA
C61: TRABAJADOR | J61: JORNAL | K61: PRESTACIONES | L61: JORNAL TOTAL | M61: RENDIMIENTO | O61: Vr. UNITARIO
C62: Obrero (3) | J62: =L62/K62*100 -> 111717.2 | K62: 185 | L62: 206676.82 | N62: 20 | O62: =L62/N62 -> 10333.841
C66: SUBTOTAL $ | O66: =ROUND(SUM(O62:O65),2) -> 10333.84
C68: TOTAL COSTO DIRECTO $ | O68: =O38+O49+O57+O66 -> 117258.86
C69: V. COSTOS INDIRECTOS
C72: Descripción | L72: Porcentaje | M72: Valor Total
C73: ADMINISTRACION | L73: 0.2 | M73: =ROUND($O$68*L73,2) -> 23451.77
C74: IMPREVISTOS | L74: 0.05 | M74: =ROUND($O$68*L74,2) -> 5862.94
C75: UTILIDAD | L75: 0.05 | M75: =ROUND($O$68*L75,2) -> 5862.94
C76: SUBTOTAL $ | O76: =M73+M74+M75 -> 35177.65
C78: Precio Unitario Total Aproximado al peso $ | O78: =ROUND(O68+O76,0) -> 152437
H82: Firma
H83: Nombre:
H84: Representante Legal del Contratista o su Apoderado
H85: Matricula No. :
C87: OBSERVACIONES INTERVENTORÍA
C91: APROBACIÓN POR INTERVENTORÍA
C92: Nota 1: Cuando se trate de Análisis de precios unitarios correspondientes a ítems de la propuesta económica aprobada, el Interventor aprueba el desglose de los componentes manteniendo el mismo precio unitario de cada ítem, cumpliendo con las especificaciones de construcción vigentes para el proyecto.
C94: Nota 2: Cuando se trate de Análisis de precios unitarios de ítems no previstos, el Interventor aprueba el desglose y precio unitario de cada ítem no previsto, exigiendo la aplicación de los costos correspondientes a insumos y tarifas de la propuesta económica inicial cuando estén contemplados, cumpliendo con las especificaciones de construcción vigente para el proyecto.
H97: Firma
H98: Nombre:
H99: Representante Legal del Interventor o su Apoderado
H100: Matricula No. :

Sheet 673.3
L3: CÓDIGO | M3: x
D4: INSTITUTO NACIONAL DE VIAS
D5: PROCESO GESTIÓN DE LA INFRAESTRUCTURA VIAL | L5: VERSIÓN | M5: 1
D6: MANUAL DE INTERVENTORÍA OBRA PÚBLICA
D7: ANÁLISIS DE PRECIOS UNITARIOS | L7: PÁGINA | N7: DE
L10: FECHA
M11: (Día) | N11: (Mes) | O11: (Año)
C12: ITEMS DE LA PROPUESTA ECONÓMICA | J12: ITEMS NO PREVISTOS
C14: UNIDAD EJECUTORA: | E14: SUBDIRECCIÓN RED TERCIARIA Y FÉRREA | K14: DIRECCIÓN TERRITORIAL: | L14: ='MATRIZ DE INFORMACION'!C5 -> BOYACÁ
C17: OBJETO DEL CONTRATO: | F17: ='MATRIZ DE INFORMACION'!C3 -> AUNAR ESFUERZOS PARA EL MEJORAMIENTO Y MANTENIMIENTO DE VIAS RURALES EN EL MUNICIPIO DE RÁQUIRA DEPARTAMENTO DE BOYACA DEL PROGRAMA COLOMBIA RURAL - NACIONAL
C20: CORREDOR: | D20: ='MATRIZ DE INFORMACION'!C6 -> RÁQUIRA - LA COMUNIDAD - MIRQUE - FIRITA PEÑA ABAJO SECTOR CONFIRTES - FARFÁN - MUNICIPIO DE GUACHETA, CUNDINAMARCA. | K20: SECTOR: | L20: ='MATRIZ DE INFORMACION'!C8 -> CASCO URBANO - RESGUARDO OCCIDENTE SECTOR LA COMUNIDAD - MIRQUE - FIRITA PEÑA ABAJO SECTOR CONFIRTES - FARFÁN - MUNICIPIO DE GUACHETA, CUNDINAMARCA.
C22: MUNICIPIO: | D22: ='MATRIZ DE INFORMACION'!C4 -> RÁQUIRA
C24: INTERVENTOR: | L24: CTO No.: | N24: DE
C26: DATOS ESPECÍFICOS
C28: ÍTEM | D28: DESCRIPCIÓN | M28: UNIDAD | O28: CANTIDAD
C29: 673.3 | D29: Material de Cobertura Tipo Sub- Base CBR=20% | M29: m3
C30: I. EQUIPO
C33: DESCRIPCIÓN | J33: TIPO | L33: TARIFA/HORA | M33: RENDIMIENTO | O33: Vr. UNITARIO
C34: COMPACTADOR MANUAL VIBRATORIO (RANA) con motor de 6 HP | L34: 10123.206 | N34: 3 | O34: =L34/N34 -> 3374.4019
C37: HERRAMIENTA MENOR (%) | M37: 0.1 | O37: =M37*O66 -> 574.102
C38: SUBTOTAL $ | O38: =ROUND(SUM(O34:O37),2) -> 3948.5
C39: II. MATERIALES
C42: DESCRIPCIÓN | K42: UNIDAD | L42: CANTIDAD | M42: PRECIO UNIT. | O42: Vr. UNITARIO
C43: Material de sub- base clase C (NT1) gradación SBG-50 | K43: m3 | L43: 1.25 | M43: 54362.884 | O43: =L43*M43 -> 67953.605
C49: SUBTOTAL $ | O49: =ROUND(SUM(O43:O48),2) -> 67953.6
C50: III. TRANSPORTES
C53: MATERIAL | J53: VOL. o PESO | K53: DISTANCIA | L53: M3 o Ton/Km | M53: TARIFA | O53: Vr. UNITARIO
C54: Transporte de material de cobertura | J54: 1.25 | K54: ='MATRIZ DE INFORMACION'!C32 -> 38 | L54: =J54*K54 -> 47.5 | M54: 1027.3412 | O54: =L54*M54 -> 48798.705
C57: SUBTOTAL $ | O57: =ROUND(SUM(O54:O56),2) -> 48798.7
C58: IV. MANO DE OBRA
C61: TRABAJADOR | J61: JORNAL | K61: PRESTACIONES | L61: JORNAL TOTAL | M61: RENDIMIENTO | O61: Vr. UNITARIO
C62: Obrero (2) | J62: =L62/K62*100 -> 74478.133 | K62: 185 | L62: 137784.55 | N62: 24 | O62: =L62/N62 -> 5741.0228
C66: SUBTOTAL $ | O66: =ROUND(SUM(O62:O65),2) -> 5741.02
C68: TOTAL COSTO DIRECTO $ | O68: =O38+O49+O57+O66 -> 126441.82
C69: V. COSTOS INDIRECTOS
C72: Descripción | L72: Porcentaje | M72: Valor Total
C73: ADMINISTRACION | L73: 0.2 | M73: =ROUND($O$68*L73,2) -> 25288.36
C74: IMPREVISTOS | L74: 0.05 | M74: =ROUND($O$68*L74,2) -> 6322.09
C75: UTILIDAD | L75: 0.05 | M75: =ROUND($O$68*L75,2) -> 6322.09
C76: SUBTOTAL $ | O76: =M73+M74+M75 -> 37932.54
C78: Precio Unitario Total Aproximado al peso $ | O78: =ROUND(O68+O76,0) -> 164374
H82: Firma
H83: Nombre:
H84: Representante Legal del Contratista o su Apoderado
H85: Matricula No. :
C87: OBSERVACIONES INTERVENTORÍA
C91: APROBACIÓN POR INTERVENTORÍA
C92: Nota 1: Cuando se trate de Análisis de precios unitarios correspondientes a ítems de la propuesta económica aprobada, el Interventor aprueba el desglose de los componentes manteniendo el mismo precio unitario de cada ítem, cumpliendo con las especificaciones de construcción vigentes para el proyecto.
C94: Nota 2: Cuando se trate de Análisis de precios unitarios de ítems no previstos, el Interventor aprueba el desglose y precio unitario de cada ítem no previsto, exigiendo la aplicación de los costos correspondientes a insumos y tarifas de la propuesta económica inicial cuando estén contemplados, cumpliendo con las especificaciones de construcción vigente para el proyecto.
H97: Firma
H98: Nombre:
H99: Representante Legal del Interventor o su Apoderado
H100: Matricula No. :

Sheet 310.1
L3: CÓDIGO | M3: x
D4: INSTITUTO NACIONAL DE VIAS
D5: PROCESO GESTIÓN DE LA INFRAESTRUCTURA VIAL | L5: VERSIÓN | M5: 1
D6: MANUAL DE INTERVENTORÍA OBRA PÚBLICA
D7: ANÁLISIS DE PRECIOS UNITARIOS | L7: PÁGINA | N7: DE
L10: FECHA
M11: (Día) | N11: (Mes) | O11: (Año)
C12: ITEMS DE LA PROPUESTA ECONÓMICA | J12: ITEMS NO PREVISTOS
C14: UNIDAD EJECUTORA: | E14: SUBDIRECCIÓN RED TERCIARIA Y FÉRREA | K14: DIRECCIÓN TERRITORIAL: | L14: ='MATRIZ DE INFORMACION'!C5 -> BOYACÁ
C17: OBJETO DEL CONTRATO: | F17: ='MATRIZ DE INFORMACION'!C3 -> AUNAR ESFUERZOS PARA EL MEJORAMIENTO Y MANTENIMIENTO DE VIAS RURALES EN EL MUNICIPIO DE RÁQUIRA DEPARTAMENTO DE BOYACA DEL PROGRAMA COLOMBIA RURAL - NACIONAL
C20: CORREDOR: | D20: ='MATRIZ DE INFORMACION'!C6 -> RÁQUIRA - LA COMUNIDAD - MIRQUE - FIRITA PEÑA ABAJO SECTOR CONFIRTES - FARFÁN - MUNICIPIO DE GUACHETA, CUNDINAMARCA. | K20: SECTOR: | L20: ='MATRIZ DE INFORMACION'!C8 -> CASCO URBANO - RESGUARDO OCCIDENTE SECTOR LA COMUNIDAD - MIRQUE - FIRITA PEÑA ABAJO SECTOR CONFIRTES - FARFÁN - MUNICIPIO DE GUACHETA, CUNDINAMARCA.
C22: MUNICIPIO: | D22: ='MATRIZ DE INFORMACION'!C4 -> RÁQUIRA
C24: INTERVENTOR: | L24: CTO No.: | N24: DE
C26: DATOS ESPECÍFICOS
C28: ÍTEM | D28: DESCRIPCIÓN | M28: UNIDAD | O28: CANTIDAD
C29: 310.1 | D29: CONFORMACIÓN DE LA CALZADA EXISTENTE | M29: m2
C30: I. EQUIPO
C33: DESCRIPCIÓN | J33: TIPO | L33: TARIFA/HORA | M33: RENDIMIENTO | O33: Vr. UNITARIO
C34: Carrotanque de agua(1000 Galones) | L34: 67825.477 | N34: 619.375 | O34: =L34/N34 -> 109.50632
C35: Motoniveladora potencia 215 HP, ancho de cuchilla 4,27 m, peso 18 ton. | L35: 195630.95 | N35: 619.375 | O35: =L35/N35 -> 315.85219
C36: Vibrocompatador, potencia 153 HP, peso 10 Ton. | L36: 80985.645 | N36: 619.375 | O36: =L36/N36 -> 130.75382
C37: Cargador: potencia en el volante 110 hp, clasificación de rpm del motor 2300 | L37: 174625.3 | N37: 619.375 | O37: =L37/N37 -> 281.93791
C38: HERRAMIENTA MENOR (%) | M38: 0.05 | O38: =M38*O68 -> 2.572
C39: SUBTOTAL $ | O39: =ROUND(SUM(O34:O38),2) -> 840.62
C40: II. MATERIALES
C43: DESCRIPCIÓN | K43: UNIDAD | L43: CANTIDAD | M43: PRECIO UNIT. | O43: Vr. UNITARIO
C44: Agua | K44: lt | L44: 3 | M44: 79.369214 | O44: =L44*M44 -> 238.10764
C50: SUBTOTAL $ | O50: =ROUND(SUM(O44:O49),2) -> 238.11
C51: III. TRANSPORTES
C54: MATERIAL | J54: VOL. o PESO | K54: DISTANCIA | L54: M3 o Ton/Km | M54: TARIFA | O54: Vr. UNITARIO
C59: SUBTOTAL $ | O59: =ROUND(SUM(O55:O58),2) -> 0
C60: IV. MANO DE OBRA
C63: TRABAJADOR | J63: JORNAL | K63: PRESTACIONES | L63: JORNAL TOTAL | M63: RENDIMIENTO | O63: Vr. UNITARIO
C64: Oficial | J64: =L64/K64*100 -> 63306.413 | K64: 185 | L64: 117116.86 | N64: 4955 | O64: =L64/N64 -> 23.636098
C65: Obrero (2) | J65: =L65/K65*100 -> 74478.133 | K65: 185 | L65: 137784.55 | N65: 4955 | O65: =L65/N65 -> 27.807174
C68: SUBTOTAL $ | O68: =ROUND(SUM(O64:O67),2) -> 51.44
C70: TOTAL COSTO DIRECTO $ | O70: =O39+O50+O59+O68 -> 1130.17
C71: V. COSTOS INDIRECTOS
C74: Descripción | L74: Porcentaje | M74: Valor Total
C75: ADMINISTRACION | L75: 0.2 | M75: =ROUND($O$70*L75,2) -> 226.03
C76: IMPREVISTOS | L76: 0.05 | M76: =ROUND($O$70*L76,2) -> 56.51
C77: UTILIDAD | L77: 0.05 | M77: =ROUND($O$70*L77,2) -> 56.51
C78: SUBTOTAL $ | O78: =M75+M76+M77 -> 339.05
C80: Precio Unitario Total Aproximado al peso $ | O80: =ROUND(O70+O78,0) -> 1469
H84: Firma
H85: Nombre:
H86: Representante Legal del Contratista o su Apoderado
H87: Matricula No. :
C89: OBSERVACIONES INTERVENTORÍA
C93: APROBACIÓN POR INTERVENTORÍA
C94: Nota 1: Cuando se trate de Análisis de precios unitarios correspondientes a ítems de la propuesta económica aprobada, el Interventor aprueba el desglose de los componentes manteniendo el mismo precio unitario de cada ítem, cumpliendo con las especificaciones de construcción vigentes para el proyecto.
C96: Nota 2: Cuando se trate de Análisis de precios unitarios de ítems no previstos, el Interventor aprueba el desglose y precio unitario de cada ítem no previsto, exigiendo la aplicación de los costos correspondientes a insumos y tarifas de la propuesta económica inicial cuando estén contemplados, cumpliendo con las especificaciones de construcción vigente para el proyecto.
H99: Firma
H100: Nombre:
H101: Representante Legal del Interventor o su Apoderado
H102: Matricula No. :

Sheet 311.1
L3: CÓDIGO | M3: x
D4: INSTITUTO NACIONAL DE VIAS
D5: PROCESO GESTIÓN DE LA INFRAESTRUCTURA VIAL | L5: VERSIÓN | M5: 1
D6: MANUAL DE INTERVENTORÍA OBRA PÚBLICA
D7: ANÁLISIS DE PRECIOS UNITARIOS | L7: PÁGINA | N7: DE
L10: FECHA
M11: (Día) | N11: (Mes) | O11: (Año)
C12: ITEMS DE LA PROPUESTA ECONÓMICA | J12: ITEMS NO PREVISTOS
C14: UNIDAD EJECUTORA: | E14: SUBDIRECCIÓN RED TERCIARIA Y FÉRREA | K14: DIRECCIÓN TERRITORIAL: | L14: ='MATRIZ DE INFORMACION'!C5 -> BOYACÁ
C17: OBJETO DEL CONTRATO: | F17: ='MATRIZ DE INFORMACION'!C3 -> AUNAR ESFUERZOS PARA EL MEJORAMIENTO Y MANTENIMIENTO DE VIAS RURALES EN EL MUNICIPIO DE RÁQUIRA DEPARTAMENTO DE BOYACA DEL PROGRAMA COLOMBIA RURAL - NACIONAL
C20: CORREDOR: | D20: ='MATRIZ DE INFORMACION'!C6 -> RÁQUIRA - LA COMUNIDAD - MIRQUE - FIRITA PEÑA ABAJO SECTOR CONFIRTES - FARFÁN - MUNICIPIO DE GUACHETA, CUNDINAMARCA. | K20: SECTOR: | L20: ='MATRIZ DE INFORMACION'!C8 -> CASCO URBANO - RESGUARDO OCCIDENTE SECTOR LA COMUNIDAD - MIRQUE - FIRITA PEÑA ABAJO SECTOR CONFIRTES - FARFÁN - MUNICIPIO DE GUACHETA, CUNDINAMARCA.
C22: MUNICIPIO: | D22: ='MATRIZ DE INFORMACION'!C4 -> RÁQUIRA
C24: INTERVENTOR: | L24: CTO No.: | N24: DE
C26: DATOS ESPECÍFICOS
C28: ÍTEM | D28: DESCRIPCIÓN | M28: UNIDAD | O28: CANTIDAD
C29: 311.1 | D29: AFIRMADO | M29: m3
C30: I. EQUIPO
C33: DESCRIPCIÓN | J33: TIPO | L33: TARIFA/HORA | M33: RENDIMIENTO | O33: Vr. UNITARIO
C34: Carrotanque de agua(1000 Galones) | L34: 67825.477 | N34: 45 | O34: =L34/N34 -> 1507.2328
C35: Motoniveladora potencia 215 HP, ancho de cuchilla 4,27 m, peso 18 ton. | L35: 195630.95 | N35: 45 | O35: =L35/N35 -> 4347.3544
C36: Vibrocompatador, potencia 153 HP, peso 10 Ton. | L36: 80985.645 | N36: 45 | O36: =L36/N36 -> 1799.681
C37: HERRAMIENTA MENOR (%) | M37: 0.05 | O37: =M37*O67 -> 35.403
C38: SUBTOTAL $ | O38: =ROUND(SUM(O34:O37),2) -> 7689.67
C39: II. MATERIALES
C42: DESCRIPCIÓN | K42: UNIDAD | L42: CANTIDAD | M42: PRECIO UNIT. | O42: Vr. UNITARIO
C43: Material de afirmado CBR ≥ 15% | K43: m3 | L43: 1.25 | M43: 42282.243 | O43: =L43*M43 -> 52852.804
C44: Agua | K44: lt | L44: 22 | M44: 79.369214 | O44: =L44*M44 -> 1746.1227
C49: SUBTOTAL $ | O49: =ROUND(SUM(O43:O48),2) -> 54598.93
C50: III. TRANSPORTES
C53: MATERIAL | J53: VOL. o PESO | K53: DISTANCIA | L53: M3 o Ton/Km | M53: TARIFA | O53: Vr. UNITARIO
C54: Transporte de Material de Afirmado de la Zona | J54: 1.25 | K54: 1 | L54: =J54*K54 -> 1.25 | M54: 1000.294 | O54: =L54*M54 -> 1250.3675
C58: SUBTOTAL $ | O58: =ROUND(SUM(O54:O57),2) -> 1250.37
C59: IV. MANO DE OBRA
C62: TRABAJADOR | J62: JORNAL | K62: PRESTACIONES | L62: JORNAL TOTAL | M62: RENDIMIENTO | O62: Vr. UNITARIO
C63: Oficial | J63: =L63/K63*100 -> 63306.413 | K63: 185 | L63: 117116.86 | N63: 360 | O63: =L63/N63 -> 325.32462
C64: Obrero (2) | J64: =L64/K64*100 -> 74478.133 | K64: 185 | L64: 137784.55 | N64: 360 | O64: =L64/N64 -> 382.73485
C67: SUBTOTAL $ | O67: =ROUND(SUM(O63:O66),2) -> 708.06
C69: TOTAL COSTO DIRECTO $ | O69: =O38+O49+O58+O67 -> 64247.03
C70: V. COSTOS INDIRECTOS
C73: Descripción | L73: Porcentaje | M73: Valor Total
C74: ADMINISTRACION | L74: 0.2 | M74: =ROUND($O$69*L74,2) -> 12849.41
C75: IMPREVISTOS | L75: 0.05 | M75: =ROUND($O$69*L75,2) -> 3212.35
C76: UTILIDAD | L76: 0.05 | M76: =ROUND($O$69*L76,2) -> 3212.35
C77: SUBTOTAL $ | O77: =M74+M75+M76 -> 19274.11
C79: Precio Unitario Total Aproximado al peso $ | O79: =ROUND(O69+O77,0) -> 83521
H83: Firma
H84: Nombre:
H85: Representante Legal del Contratista o su Apoderado
H86: Matricula No. :
C88: OBSERVACIONES INTERVENTORÍA
C92: APROBACIÓN POR INTERVENTORÍA
C93: Nota 1: Cuando se trate de Análisis de precios unitarios correspondientes a ítems de la propuesta económica aprobada, el Interventor aprueba el desglose de los componentes manteniendo el mismo precio unitario de cada ítem, cumpliendo con las especificaciones de construcción vigentes para el proyecto.
C95: Nota 2: Cuando se trate de Análisis de precios unitarios de ítems no previstos, el Interventor aprueba el desglose y precio unitario de cada ítem no previsto, exigiendo la aplicación de los costos correspondientes a insumos y tarifas de la propuesta económica inicial cuando estén contemplados, cumpliendo con las especificaciones de construcción vigente para el proyecto.
H98: Firma
H99: Nombre:
H100: Representante Legal del Interventor o su Apoderado
H101: Matricula No. :

Sheet 3P
L3: CÓDIGO | M3: x
D4: INSTITUTO NACIONAL DE VIAS
D5: PROCESO GESTIÓN DE LA INFRAESTRUCTURA VIAL | L5: VERSIÓN | M5: 1
D6: MANUAL DE INTERVENTORÍA OBRA PÚBLICA
D7: ANÁLISIS DE PRECIOS UNITARIOS | L7: PÁGINA | N7: DE
L10: FECHA
M11: (Día) | N11: (Mes) | O11: (Año)
C12: ITEMS DE LA PROPUESTA ECONÓMICA | J12: ITEMS NO PREVISTOS
C14: UNIDAD EJECUTORA: | E14: SUBDIRECCIÓN RED TERCIARIA Y FÉRREA | K14: DIRECCIÓN TERRITORIAL: | L14: ='MATRIZ DE INFORMACION'!C5 -> BOYACÁ
C17: OBJETO DEL CONTRATO: | F17: ='MATRIZ DE INFORMACION'!C3 -> AUNAR ESFUERZOS PARA EL MEJORAMIENTO Y MANTENIMIENTO DE VIAS RURALES EN EL MUNICIPIO DE RÁQUIRA DEPARTAMENTO DE BOYACA DEL PROGRAMA COLOMBIA RURAL - NACIONAL
C20: CORREDOR: | D20: ='MATRIZ DE INFORMACION'!C6 -> RÁQUIRA - LA COMUNIDAD - MIRQUE - FIRITA PEÑA ABAJO SECTOR CONFIRTES - FARFÁN - MUNICIPIO DE GUACHETA, CUNDINAMARCA. | K20: SECTOR: | L20: ='MATRIZ DE INFORMACION'!C8 -> CASCO URBANO - RESGUARDO OCCIDENTE SECTOR LA COMUNIDAD - MIRQUE - FIRITA PEÑA ABAJO SECTOR CONFIRTES - FARFÁN - MUNICIPIO DE GUACHETA, CUNDINAMARCA.
C22: MUNICIPIO: | D22: ='MATRIZ DE INFORMACION'!C4 -> RÁQUIRA
C24: INTERVENTOR: | L24: CTO No.: | N24: DE
C26: DATOS ESPECÍFICOS
C28: ÍTEM | D28: DESCRIPCIÓN | M28: UNIDAD | O28: CANTIDAD
C29: 3P | D29: Limpieza de alcantarillas con diámetro menor o igual a 36", incluye rectificación de descoles | M29: UND
C30: I. EQUIPO
C33: DESCRIPCIÓN | J33: TIPO | L33: TARIFA/HORA | M33: RENDIMIENTO | O33: Vr. UNITARIO
C37: HERRAMIENTA MENOR (%) | M37: 0.05 | O37: =M37*O66 -> 8611.534
C38: SUBTOTAL $ | O38: =ROUND(SUM(O34:O37),2) -> 8611.53
C39: II. MATERIALES
C42: DESCRIPCIÓN | K42: UNIDAD | L42: CANTIDAD | M42: PRECIO UNIT. | O42: Vr. UNITARIO
C48: SUBTOTAL $ | O48: =ROUND(SUM(O43:O47),2) -> 0
C49: III. TRANSPORTES
C52: MATERIAL | J52: VOL. o PESO | K52: DISTANCIA | L52: M3 o Ton/Km | M52: TARIFA | O52: Vr. UNITARIO
C53: Material Desmontado | J53: 2.7 | K53: 1 | L53: =J53*K53 -> 2.7 | M53: ='600.1.1P'!M54:N54 -> #REF! | O53: =L53*M53 -> #REF!
C57: SUBTOTAL $ | O57: =ROUND(SUM(O53:O56),2) -> #REF!
C58: IV. MANO DE OBRA
C61: TRABAJADOR | J61: JORNAL | K61: PRESTACIONES | L61: JORNAL TOTAL | M61: RENDIMIENTO | O61: Vr. UNITARIO
C62: Obrero (2) | J62: =L62/K62*100 -> 74478.133 | K62: 185 | L62: 137784.55 | N62: 0.8 | O62: =L62/N62 -> 172230.68
C66: SUBTOTAL $ | O66: =ROUND(SUM(O62:O65),2) -> 172230.68
C68: TOTAL COSTO DIRECTO $ | O68: =O38+O48+O57+O66 -> #REF!
C69: V. COSTOS INDIRECTOS
C72: Descripción | L72: Porcentaje | M72: Valor Total
C73: ADMINISTRACION | L73: 0.2 | M73: =ROUND($O$68*L73,2) -> #REF!
C74: IMPREVISTOS | L74: 0.05 | M74: =ROUND($O$68*L74,2) -> #REF!
C75: UTILIDAD | L75: 0.05 | M75: =ROUND($O$68*L75,2) -> #REF!
C76: SUBTOTAL $ | O76: =M73+M74+M75 -> #REF!
C78: Precio Unitario Total Aproximado al peso $ | O78: =ROUND(O68+O76,0) -> #REF!
H82: Firma
H83: Nombre:
H84: Representante Legal del Contratista o su Apoderado
H85: Matricula No. :
C87: OBSERVACIONES INTERVENTORÍA
C91: APROBACIÓN POR INTERVENTORÍA
C92: Nota 1: Cuando se trate de Análisis de precios unitarios correspondientes a ítems de la propuesta económica aprobada, el Interventor aprueba el desglose de los componentes manteniendo el mismo precio unitario de cada ítem, cumpliendo con las especificaciones de construcción vigentes para el proyecto.
C94: Nota 2: Cuando se trate de Análisis de precios unitarios de ítems no previstos, el Interventor aprueba el desglose y precio unitario de cada ítem no previsto, exigiendo la aplicación de los costos correspondientes a insumos y tarifas de la propuesta económica inicial cuando estén contemplados, cumpliendo con las especificaciones de construcción vigente para el proyecto.
H97: Firma
H98: Nombre:
H99: Representante Legal del Interventor o su Apoderado
H100: Matricula No. :

Sheet 4P
L3: CÓDIGO | M3: x
D4: INSTITUTO NACIONAL DE VIAS
D5: PROCESO GESTIÓN DE LA INFRAESTRUCTURA VIAL | L5: VERSIÓN | M5: 1
D6: MANUAL DE INTERVENTORÍA OBRA PÚBLICA
D7: ANÁLISIS DE PRECIOS UNITARIOS | L7: PÁGINA | N7: DE
L10: FECHA
M11: (Día) | N11: (Mes) | O11: (Año)
C12: ITEMS DE LA PROPUESTA ECONÓMICA | J12: ITEMS NO PREVISTOS
C14: UNIDAD EJECUTORA: | E14: SUBDIRECCIÓN RED TERCIARIA Y FÉRREA | K14: DIRECCIÓN TERRITORIAL: | L14: ='MATRIZ DE INFORMACION'!C5 -> BOYACÁ
C17: OBJETO DEL CONTRATO: | F17: ='MATRIZ DE INFORMACION'!C3 -> AUNAR ESFUERZOS PARA EL MEJORAMIENTO Y MANTENIMIENTO DE VIAS RURALES EN EL MUNICIPIO DE RÁQUIRA DEPARTAMENTO DE BOYACA DEL PROGRAMA COLOMBIA RURAL - NACIONAL
C20: CORREDOR: | D20: ='MATRIZ DE INFORMACION'!C6 -> RÁQUIRA - LA COMUNIDAD - MIRQUE - FIRITA PEÑA ABAJO SECTOR CONFIRTES - FARFÁN - MUNICIPIO DE GUACHETA, CUNDINAMARCA. | K20: SECTOR: | L20: ='MATRIZ DE INFORMACION'!C8 -> CASCO URBANO - RESGUARDO OCCIDENTE SECTOR LA COMUNIDAD - MIRQUE - FIRITA PEÑA ABAJO SECTOR CONFIRTES - FARFÁN - MUNICIPIO DE GUACHETA, CUNDINAMARCA.
C22: MUNICIPIO: | D22: ='MATRIZ DE INFORMACION'!C4 -> RÁQUIRA
C24: INTERVENTOR: | L24: CTO No.: | N24: DE
C26: DATOS ESPECÍFICOS
C28: ÍTEM | D28: DESCRIPCIÓN | M28: UNIDAD | O28: CANTIDAD
C29: 4P | D29: Limpieza de cunetas en tierra con rectificación de salidas y descoles | M29: ML
C30: I. EQUIPO
C33: DESCRIPCIÓN | J33: TIPO | L33: TARIFA/HORA | M33: RENDIMIENTO | O33: Vr. UNITARIO
C37: HERRAMIENTA MENOR (%) | M37: 0.25 | O37: =M37*O66 -> 172.23
C38: SUBTOTAL $ | O38: =ROUND(SUM(O34:O37),2) -> 172.23
C39: II. MATERIALES
C42: DESCRIPCIÓN | K42: UNIDAD | L42: CANTIDAD | M42: PRECIO UNIT. | O42: Vr. UNITARIO
C48: SUBTOTAL $ | O48: =ROUND(SUM(O43:O47),2) -> 0
C49: III. TRANSPORTES
C52: MATERIAL | J52: VOL. o PESO | K52: DISTANCIA | L52: M3 o Ton/Km | M52: TARIFA | O52: Vr. UNITARIO
C53: Material Desmontado | J53: 0.2 | K53: 1 | L53: =J53*K53 -> 0.2 | M53: ='3P'!M53:N53 -> #REF! | O53: =L53*M53 -> #REF!
C57: SUBTOTAL $ | O57: =ROUND(SUM(O53:O56),2) -> #REF!
C58: IV. MANO DE OBRA
C61: TRABAJADOR | J61: JORNAL | K61: PRESTACIONES | L61: JORNAL TOTAL | M61: RENDIMIENTO | O61: Vr. UNITARIO
C62: Obrero (1) | J62: =L62/K62*100 -> 37239.067 | K62: 185 | L62: 68892.273 | N62: 100 | O62: =L62/N62 -> 688.92273
C66: SUBTOTAL $ | O66: =ROUND(SUM(O62:O65),2) -> 688.92
C68: TOTAL COSTO DIRECTO $ | O68: =O38+O48+O57+O66 -> #REF!
C69: V. COSTOS INDIRECTOS
C72: Descripción | L72: Porcentaje | M72: Valor Total
C73: ADMINISTRACION | L73: 0.2 | M73: =ROUND($O$68*L73,2) -> #REF!
C74: IMPREVISTOS | L74: 0.05 | M74: =ROUND($O$68*L74,2) -> #REF!
C75: UTILIDAD | L75: 0.05 | M75: =ROUND($O$68*L75,2) -> #REF!
C76: SUBTOTAL $ | O76: =M73+M74+M75 -> #REF!
C78: Precio Unitario Total Aproximado al peso $ | O78: =ROUND(O68+O76,0) -> #REF!
H82: Firma
H83: Nombre:
H84: Representante Legal del Contratista o su Apoderado
H85: Matricula No. :
C87: OBSERVACIONES INTERVENTORÍA
C91: APROBACIÓN POR INTERVENTORÍA
C92: Nota 1: Cuando se trate de Análisis de precios unitarios correspondientes a ítems de la propuesta económica aprobada, el Interventor aprueba el desglose de los componentes manteniendo el mismo precio unitario de cada ítem, cumpliendo con las especificaciones de construcción vigentes para el proyecto.
C94: Nota 2: Cuando se trate de Análisis de precios unitarios de ítems no previstos, el Interventor aprueba el desglose y precio unitario de cada ítem no previsto, exigiendo la aplicación de los costos correspondientes a insumos y tarifas de la propuesta económica inicial cuando estén contemplados, cumpliendo con las especificaciones de construcción vigente para el proyecto.
H97: Firma
H98: Nombre:
H99: Representante Legal del Interventor o su Apoderado
H100: Matricula No. :

Sheet 5P
L3: CÓDIGO | M3: x
D4: INSTITUTO NACIONAL DE VIAS
D5: PROCESO GESTIÓN DE LA INFRAESTRUCTURA VIAL | L5: VERSIÓN | M5: 1
D6: MANUAL DE INTERVENTORÍA OBRA PÚBLICA
D7: ANÁLISIS DE PRECIOS UNITARIOS | L7: PÁGINA | N7: DE
L10: FECHA
M11: (Día) | N11: (Mes) | O11: (Año)
C12: ITEMS DE LA PROPUESTA ECONÓMICA | J12: ITEMS NO PREVISTOS
C14: UNIDAD EJECUTORA: | E14: SUBDIRECCIÓN RED TERCIARIA Y FÉRREA | K14: DIRECCIÓN TERRITORIAL: | L14: ='MATRIZ DE INFORMACION'!C5 -> BOYACÁ
C17: OBJETO DEL CONTRATO: | F17: ='MATRIZ DE INFORMACION'!C3 -> AUNAR ESFUERZOS PARA EL MEJORAMIENTO Y MANTENIMIENTO DE VIAS RURALES EN EL MUNICIPIO DE RÁQUIRA DEPARTAMENTO DE BOYACA DEL PROGRAMA COLOMBIA RURAL - NACIONAL
C20: CORREDOR: | D20: ='MATRIZ DE INFORMACION'!C6 -> RÁQUIRA - LA COMUNIDAD - MIRQUE - FIRITA PEÑA ABAJO SECTOR CONFIRTES - FARFÁN - MUNICIPIO DE GUACHETA, CUNDINAMARCA. | K20: SECTOR: | L20: ='MATRIZ DE INFORMACION'!C8 -> CASCO URBANO - RESGUARDO OCCIDENTE SECTOR LA COMUNIDAD - MIRQUE - FIRITA PEÑA ABAJO SECTOR CONFIRTES - FARFÁN - MUNICIPIO DE GUACHETA, CUNDINAMARCA.
C22: MUNICIPIO: | D22: ='MATRIZ DE INFORMACION'!C4 -> RÁQUIRA
C24: INTERVENTOR: | L24: CTO No.: | N24: DE
C26: DATOS ESPECÍFICOS
C28: ÍTEM | D28: DESCRIPCIÓN | M28: UNIDAD | O28: CANTIDAD
C29: 5P | D29: Rocería a cada lado de la vía y/o zonas necesarias para buena visibilidad | M29: HA
C30: I. EQUIPO
C33: DESCRIPCIÓN | J33: TIPO | L33: TARIFA/HORA | M33: RENDIMIENTO | O33: Vr. UNITARIO
C34: Guadañadora | L34: 7592.4042 | N34: 0.0675 | O34: =L34/N34 -> 112480.06
C35: Motosierra | L35: 8098.5645 | N35: 0.27 | O35: =L35/N35 -> 29994.683
C37: HERRAMIENTA MENOR (%) | M37: 0.05 | O37: =M37*O66 -> 12757.829
C38: SUBTOTAL $ | O38: =ROUND(SUM(O34:O37),2) -> 155232.57
C39: II. MATERIALES
C42: DESCRIPCIÓN | K42: UNIDAD | L42: CANTIDAD | M42: PRECIO UNIT. | O42: Vr. UNITARIO
C48: SUBTOTAL $ | O48: =ROUND(SUM(O43:O47),2) -> 0
C49: III. TRANSPORTES
C52: MATERIAL | J52: VOL. o PESO | K52: DISTANCIA | L52: M3 o Ton/Km | M52: TARIFA | O52: Vr. UNITARIO
C53: Material Desmontado | J53: 30 | K53: 1 | L53: =J53*K53 -> 30 | M53: ='3P'!M53:N53 -> #REF! | O53: =L53*M53 -> #REF!
C57: SUBTOTAL $ | O57: =ROUND(SUM(O53:O56),2) -> #REF!
C58: IV. MANO DE OBRA
C61: TRABAJADOR | J61: JORNAL | K61: PRESTACIONES | L61: JORNAL TOTAL | M61: RENDIMIENTO | O61: Vr. UNITARIO
C62: Obrero (2) | J62: =L62/K62*100 -> 74478.133 | K62: 185 | L62: 137784.55 | N62: 0.54 | O62: =L62/N62 -> 255156.57
C66: SUBTOTAL $ | O66: =ROUND(SUM(O62:O65),2) -> 255156.57
C68: TOTAL COSTO DIRECTO $ | O68: =O38+O48+O57+O66 -> #REF!
C69: V. COSTOS INDIRECTOS
C72: Descripción | L72: Porcentaje | M72: Valor Total
C73: ADMINISTRACION | L73: 0.2 | M73: =ROUND($O$68*L73,2) -> #REF!
C74: IMPREVISTOS | L74: 0.05 | M74: =ROUND($O$68*L74,2) -> #REF!
C75: UTILIDAD | L75: 0.05 | M75: =ROUND($O$68*L75,2) -> #REF!
C76: SUBTOTAL $ | O76: =M73+M74+M75 -> #REF!
C78: Precio Unitario Total Aproximado al peso $ | O78: =ROUND(O68+O76,0) -> #REF!
H82: Firma
H83: Nombre:
H84: Representante Legal del Contratista o su Apoderado
H85: Matricula No. :
C87: OBSERVACIONES INTERVENTORÍA
C91: APROBACIÓN POR INTERVENTORÍA
C92: Nota 1: Cuando se trate de Análisis de precios unitarios correspondientes a ítems de la propuesta económica aprobada, el Interventor aprueba el desglose de los componentes manteniendo el mismo precio unitario de cada ítem, cumpliendo con las especificaciones de construcción vigentes para el proyecto.
C94: Nota 2: Cuando se trate de Análisis de precios unitarios de ítems no previstos, el Interventor aprueba el desglose y precio unitario de cada ítem no previsto, exigiendo la aplicación de los costos correspondientes a insumos y tarifas de la propuesta económica inicial cuando estén contemplados, cumpliendo con las especificaciones de construcción vigente para el proyecto.
H97: Firma
H98: Nombre:
H99: Representante Legal del Interventor o su Apoderado
H100: Matricula No. :
